 Dungeon Crawl Stone Soup version 0.31-a0-981-geadf994542 (webtiles) character file.

Game seed: 1128434753539809375

1839933 EnegeticOcto the Entropist (level 26, 124/137 HPs)
             Began as a Felid Chaos Knight on Nov 1, 2023.
             Was a Favourite Plaything of Xom.
             Escaped with the Orb
             ... and 4 runes!
             The game lasted 04:28:21 (105247 turns).

EnegeticOcto the Entropist (Felid Chaos Knight)   Turns: 105247, Time: 04:28:22

Health: 124/137    AC: 33    Str:  9    XL:     26   Next: 70%
Magic:  41/41      EV: 49    Int: 21    God:    Xom [.*....]
Gold:   5730       SH:  0    Dex: 32    Spells: 12/51 levels left
                                        Lives:  2   Deaths: 7

rFire   + +          .
                       - Unarmed
rCold   + + .        (shield unavailable)
rNeg    + . .        (body armour unavailable)
rPois   ∞            (helmet unavailable)
rElec   +            (cloak unavailable)
rCorr   .            (gloves unavailable)
SInv    +            (boots unavailable)
Will    +++..        u - amulet "Exti" {rF+ rC+ Regen+ Int+3}
Stlth   +++          v - ring of Deetick {Drain +Blink Str+4 Dex+6}
HPRegen 0.00/turn    E - ring of protection from fire
MPRegen 0.27/turn

%: no passive effects
@: statue-form, inhibited regen, studying Unarmed Combat, very slow
A: slow and powerful, torment resistance 1, boosted hp, very small, claws 1,
fangs 3, see invisible, (speed 1), (shaggy fur 3), stealthy paws, no weapons or
thrown items, no armour, multi-lived, horns 1, (iridescent scales 1), clever 1,
cold resistance 1, deterioration 1, frail 2, inhibited regeneration, weak 1
0: Orb of Zot
}: 4/15 runes: decaying, serpentine, silver, abyssal
a: Begin Untransformation, Renounce Religion, Evoke Blink


You escaped.
You worshipped Xom.
You were a plaything of Xom.
You were a living statue of rough stone.
You visited 10 branches of the dungeon, and saw 50 of its levels.
You visited the Abyss 2 times.
You also visited: Trove and Ice Cave.

You collected 9437 gold pieces.
You spent 3707 gold pieces at shops.

Inventory:

Jewellery
 u - the amulet "Exti" (around neck) {rF+ rC+ Regen+ Int+3}
   (You found it on level 3 of the Crypt)

   [amulet of regeneration]

   Int+3:     It affects your intelligence (+3).
   rF+:       It protects you from fire.
   rC+:       It protects you from cold.
   Regen+:    It increases your rate of health regeneration.
 v - the ring of Deetick (left paw) {Drain +Blink Str+4 Dex+6}
   (You acquired it on level 3 of the Crypt)

   [ring of dexterity]

   Str+4:     It affects your strength (+4).
   Dex+6:     It affects your dexterity (+6).
   +Blink:    It lets you blink.
   Drain:     It drains your maximum health when unequipped.
 E - a ring of protection from fire (right paw)
   (You found it on level 9 of the Dungeon)
 L - the ring "Ehiutaw" {Ice Drain Str+2 Int+4 SInv}
   (You took it off a deep elf sorcerer on level 5 of the Vaults)

   [ring of ice]

   Ice:       It enhances your ice magic.
   Str+2:     It affects your strength (+2).
   Int+4:     It affects your intelligence (+4).
   rF-:       It makes you vulnerable to fire.
   rC+:       It protects you from cold.
   SInv:      It lets you see invisible.
   Drain:     It drains your maximum health when unequipped.
 M - a +4 ring of protection {=R}
   (You found it on level 13 of the Dungeon)
Talismans
 j - the talisman of death of the Snake Pit {Int+2}
   (You took it off Josephina on level 2 of the Crypt)

   [talisman of death]

   Int+2:     It affects your intelligence (+2).
 r - a granite talisman (active)
   (You found it on level 4 of the Vaults)
Wands
 n - a wand of charming (53)
   (You found it on level 4 of the Dungeon)
 q - a wand of polymorph (37)
   (You found it on level 3 of the Dungeon)
 A - a wand of iceblast (41) {@v2}
   (Xom gifted it to you on level 12 of the Dungeon)
 C - a wand of digging (11) {@v3}
   (You bought it in a shop on level 8 of the Dungeon)
 G - a wand of flame (156) {@v4}
   (You found it on level 9 of the Dungeon)
 Q - a wand of light (27) {@v1}
   (You found it on level 13 of the Dungeon)
 U - a wand of mindburst (49)
   (You found it on level 4 of the Lair of Beasts)
Scrolls
 a - a scroll of butterflies
 c - 4 scrolls of immolation
 d - 3 scrolls of torment
 g - 7 scrolls of teleportation {@r3 !r}
 s - 3 scrolls of fear {!r}
 y - a scroll of revelation {@r5 !r}
 D - 5 scrolls of fog {!r}
 S - 4 scrolls of vulnerability
 Z - 4 scrolls of poison
Potions
 b - 4 potions of haste {@q4 !q}
 e - 3 potions of enlightenment
 f - 7 potions of heal wounds {@q2 !q}
 h - 8 potions of curing {@q1 !q}
 i - 7 potions of cancellation
 l - 4 potions of invisibility
 m - 2 potions of resistance
 o - 3 potions of magic
 p - 4 potions of attraction
 t - a potion of mutation
 w - 5 potions of lignification {@q6}
 z - 3 potions of brilliance
 H - 2 potions of ambrosia
 N - 3 potions of might {@q3 !q}
 O - 2 potions of berserk rage
Miscellaneous
 B - a phial of floods
   (You found it on level 5 of the Vaults)
 F - a box of beasts
   (You found it on level 5 of the Vaults)
 I - a condenser vane
   (You found it on level 5 of the Vaults)
 J - a lightning rod (4/4)
   (You found it on level 5 of the Vaults)
 K - a phantom mirror
   (You found it on level 13 of the Dungeon)


   Skills:
 - Level 21.0 Fighting
 - Level 21.0 Dodging
 - Level 14.0 Stealth
 - Level 21.0 Unarmed Combat
 - Level 13.0 Spellcasting
 - Level 13.0 Hexes
 - Level 12.0 Translocations
 - Level 21.1 Transmutations
 - Level 4.0 Ice Magic
 - Level 6.0 Earth Magic
 + Level 17.3 Evocations
 - Level 21.0 Shapeshifting


You had 12 spell levels left.
You knew the following spells:

 Your Spells              Type           Power      Damage    Failure   Level
b - Manifold Assault      Tloc           59%        N/A       1%          4
c - Wereblood             Tmut           80%        N/A       0%          2
d - Tukima's Dance        Hex            62%        N/A       1%          3
e - Lesser Beckoning      Tloc           100%       N/A       1%          2
f - Apportation           Tloc           100%       N/A       1%          1
g - Confusing Touch       Hex            62%        N/A       1%          3
h - Cause Fear            Hex            31%        N/A       1%          4
i - Dispersal             Tloc           29%        N/A       5%          6
k - Yara's Violent Unrav  Hex/Tmut       35%        3d14      1%          5
p - Passwall              Tmut/Erth      52%        N/A       1%          2
z - Irradiate             Conj/Tmut      27%        3d20      1%          5
Y - Blink                 Tloc           100%       N/A       1%          2

Your spell library contained the following spells:

 Spells                   Type           Power      Damage    Failure   Level
 Ensorcelled Hibernation  Hex/Ice        98%        N/A       1%          2
 Jinxbite                 Hex            100%       N/A       1%          2
 Momentum Strike          Conj/Tloc      76%        3d10      1%          2
 Dazzling Flash           Conj/Hex       80%        N/A       1%          3
 Ignite Poison            Fire/Tmut/Pois 43%        N/A       1%          3
 Inner Flame              Hex/Fire       40%        N/A       1%          3
 Volatile Blastmotes      Fire/Tloc      76%        2d16      1%          3
 Passage of Golubria      Tloc           59%        N/A       1%          4
 Petrify                  Tmut/Erth      63%        N/A       1%          4
 Alistair's Intoxication  Tmut/Pois      36%        N/A       1%          5
 Frozen Ramparts          Ice            60%        1d10      2%          3
 Ozocubu's Armour         Ice            30%        N/A       2%          3
 Anguish                  Hex/Necr       20%        N/A       3%          4
 Fulminant Prism          Conj/Hex       20%        3d12      3%          4
 Foxfire                  Conj/Fire      52%        2x1d6     4%          1
 Kiss of Death            Conj/Necr      52%        2d9       4%          1
 Magic Dart               Conj           52%        1d5       4%          1
 Necrotise                Necr           52%        1d6       4%          1
 Summon Small Mammal      Summ           52%        N/A       4%          1
 Iskenderun's Mystic Bla  Conj/Tloc      38%        2d9       4%          4
 Metabolic Englaciation   Hex/Ice        24%        N/A       4%          5
 Hailstorm                Conj/Ice       22%        3d7       6%          3
 Call Imp                 Summ           26%        N/A       7%          2
 Cigotuvi's Dreadful Rot  Necr/Pois/Air  26%        N/A       7%          2
 Poisonous Vapours        Pois/Air       26%        N/A       7%          2
 Scorch                   Fire           26%        2d6       7%          2
 Silence                  Hex/Air        20%        N/A       9%          5
 Eringya's Noxious Bog    Tmut/Pois      27%        4d6       10%         6
 Call Canine Familiar     Summ           13%        N/A       14%         3
 Mephitic Cloud           Conj/Pois/Air  13%        N/A       14%         3
 Swiftness                Air            13%        N/A       14%         3
 Vampiric Draining        Necr           13%        2d6       14%         3
 Enfeeble                 Hex            31%        N/A       19%         7
 Summon Ice Beast         Ice/Summ       22%        N/A       21%         4
 Borgnjor's Vile Clutch   Necr/Erth      13%        N/A       36%         5
 Animate Dead             Necr           13%        N/A       43%         4
 Dispel Undead            Necr           13%        3d9       43%         4
 Flame Wave               Conj/Fire      13%        2d6       43%         4
 Olgreb's Toxic Radiance  Pois           13%        N/A       43%         4
 Freezing Cloud           Conj/Ice/Air   9%         6-21      61%         5
 Agony                    Necr           13%        N/A       78%         5
 Fireball                 Conj/Fire      6%         3d5       78%         5
 Disjunction              Tloc           29%        N/A       92%         8
 Simulacrum               Ice/Necr       11%        N/A       97%         6
 Death Channel            Necr           6%         N/A       100%        6
 Plasma Beam              Fire/Air       6%         2x1d17    100%        6
 Starburst                Conj/Fire      6%         6d4       100%        6
 Summon Cactus Giant      Summ           6%         N/A       100%        6
 Haunt                    Necr/Summ      6%         N/A       100%        7
 Summon Hydra             Summ           6%         N/A       100%        7
 Maxwell's Capacitive Co  Air            6%         ∞         100%        8
 Dragon's Call            Summ           6%         N/A       100%        9
 Dimensional Bullseye     Hex/Tloc       Unusable   N/A       N/A         4
 Sublimation of Blood     Necr           Unusable   N/A       N/A         2
 Animate Armour           Summ/Erth      Unusable   N/A       N/A         4

Dungeon Overview and Level Annotations

Branches:
Dungeon (15/15)            Temple (0/1) D:4            Lair (5/5) D:11
  Swamp (4/4) Lair:2        Snake (4/4) Lair:2          Orc (2/2) D:12
    Elf (3/3) Orc:2        Vaults (5/5) D:13          Crypt (3/3) Vaults:2
   Tomb (0/3) Crypt:3      Depths (4/4) D:15            Zot (5/5) Depths:4
  IceCv (visited)
  Slime: Lair:4-5

Altars:
Cheibriados
Dithmenos
Fedhas
Kikubaaqudgha
Sif Muna
Uskayaw
Vehumet
Wu Jian
Xom
The Shining One

Shops:
D:7 *   D:8 [*(   Orc:2 [:[!   Snake:1 *   Snake:3 :=:   Vaults:2 ?
Vaults:4 *   Depths:1 (   Depths:4 :

Portals:
Hell: Depths:1 Depths:2 Depths:3 Depths:4
Abyss: Zot:2 Depths:1 Depths:2 Depths:3
Pandemonium: Depths:1 Depths:2 Depths:3
Ziggurat: Depths:2

Annotations:
D:7 exclusion: killer bee
Lair:5 exclusion: oklob plant
Snake:1 1 exclusion
Snake:2 exclusions: 2 naga sharpshooters and 2 more exclusions
Snake:4 Nikola
Orc:2 2 transporters, Majang's ghost, journeyman OgSh
Crypt:1 1 exclusion, Khufu
Crypt:2 Jory
Zot:2 2 transporters, Ratusom's ghost, legendary NaHu
Zot:5 exclusion: obsidian statue


Innate Abilities, Weirdness & Mutations

You are a living statue of rough stone.
Your actions are slow, but your melee attacks are powerful.
You are resistant to unholy torment.
Your maximum health is greatly increased.
You are immune to poison.
You have sharp claws.
You have razor-sharp teeth.
You have supernaturally acute eyesight. (SInv)
((You cover ground quickly. (Speed+)))
((Your thick and shaggy fur keeps you warm. (AC +3, rC+)))
Your paws help you pounce on unaware monsters.
You are incapable of wielding weapons or throwing items.
You cannot wear armour.
You gain extra lives every three experience levels.
You have a pair of small horns on your head.
((You are partially covered in iridescent scales. (AC +2)))
Your mind is acute. (Int +4, Str/Dex -1)
Your flesh is cold resistant. (rC+)
Your body sometimes deteriorates upon taking damage.
You are very frail. (-20% HP)
You do not regenerate when monsters are visible.
You are weak. (Str -2)


Message History

Magic restored.
You see here a +0 flail.
A shadow demon comes into view.
Unknown command.
Unknown command.
There is a stone staircase leading up here.
You climb upwards.
There is a stone staircase leading down here.
(D) Dungeon (T) Temple (L) Lair (S) Swamp (P) Snake Pit (O) Orcish Mines (E) Elven Halls (V) Vaults (C) Crypt (W) Tomb (U) Depths (H) Hell (Z) Zot
Where to? (Tab/Enter - D:1 @ (x,y), ? - help)
A toenail golem comes into view.
Casting: Manifold Assault (safe; 1% risk of failure)
Confirm with . or Enter, or press ? or * to list all spells.
Space momentarily warps into an impossible shape!
You scratch the toenail golem.
Casting: Manifold Assault (safe; 1% risk of failure)
Confirm with . or Enter, or press ? or * to list all spells.
Space momentarily warps into an impossible shape!
You mangle the toenail golem!!
Casting: Manifold Assault (safe; 1% risk of failure)
Confirm with . or Enter, or press ? or * to list all spells.
Space momentarily warps into an impossible shape!
You eviscerate the toenail golem!!!
You destroy the toenail golem!
There is an open door here.
(D) Dungeon (T) Temple (L) Lair (S) Swamp (P) Snake Pit (O) Orcish Mines (E) Elven Halls (V) Vaults (C) Crypt (W) Tomb (U) Depths (H) Hell (Z) Zot
Where to? (Tab/Enter - D:1 @ (x,y), ? - help)
There is a stone staircase leading up here.
You climb upwards.
A lorocyproca comes into view.
There is a stone staircase leading down here.
Unknown command.
Casting: Manifold Assault (safe; 1% risk of failure)
Confirm with . or Enter, or press ? or * to list all spells.
Space momentarily warps into an impossible shape!
You mangle the lorocyproca!!
Casting: Manifold Assault (safe; 1% risk of failure)
Confirm with . or Enter, or press ? or * to list all spells.
Space momentarily warps into an impossible shape!
You eviscerate the lorocyproca!!!
You kill the lorocyproca!
(D) Dungeon (T) Temple (L) Lair (S) Swamp (P) Snake Pit (O) Orcish Mines (E) Elven Halls (V) Vaults (C) Crypt (W) Tomb (U) Depths (H) Hell (Z) Zot
Where to? (Tab/Enter - D:1 @ (x,y), ? - help)
There is an escape hatch in the ceiling here.
Really go through this one-way escape hatch? [Y]es or [N]o only, please.
Really go through this one-way escape hatch?
A mysterious force pulls you upwards. The hatch slams shut behind you.
(D) Dungeon (T) Temple (L) Lair (S) Swamp (P) Snake Pit (O) Orcish Mines (E) Elven Halls (V) Vaults (C) Crypt (W) Tomb (U) Depths (H) Hell (Z) Zot
Where to? (Tab/Enter - D:1 @ (x,y), ? - help)
There is an open door here.
You see here a +0 club.
There is an open door here.
You see here a +0 dagger.
Things that are here:
a +0 club; a +0 club; a +0 dagger Magic restored.
There is an open door here.
There is a stone staircase leading up here.
You climb upwards.
There is a stone staircase leading down here.
An Orb Guardian comes into view.
Aiming: Dig
Press: ? - help, Shift-Dir - straight line You can't see that place.
The rock shatters into small pieces.
Okay, then. "Heh heh heh..."
You are confused.
The Orb Guardian attacks as it pursues you!
The Orb Guardian completely misses you. x2
You are too confused!
You are too confused!
You are too confused!
Really quaff
h - 9 potions of curing {@q1 !q}?
You feel better. The Orb Guardian closely misses you.
The Orb Guardian hits you but does no damage.
The Orb Guardian hits you!
The Orb Guardian attacks as it pursues you!
The Orb Guardian closely misses you. The Orb Guardian misses you.
The Orb Guardian completely misses you.
The Orb Guardian completely misses you. x2
The Orb Guardian misses you. The Orb Guardian completely misses you.
There is a staircase leading out of the dungeon here.
The Orb Guardian completely misses you.
The Orb Guardian hits you but does no damage.
You have escaped!

###########
#....8....# #######
#....X....# ......#
#.#.....#.# ......#
#.........# ......##
#.........# ......>##
#.#.....#.#
#.......####.........#
#.####...............#
#+#..#..####.#.....#.#


You could see an Orb Guardian.

Vanquished Creatures
  2 dread liches (Zot:5)
  4 orbs of fire (Zot:5)
  2 ancient liches
  Mennas (Depths:4)
  Mara (Vaults:4)
  A juggernaut (Depths:1)
  Vv (Depths:4)
  Josephina (Crypt:2)
  4 Killer Klowns (Zot:5)
  Margery (Vaults:4)
  Xtahua (Vaults:4)
  4 caustic shrikes
  15 golden dragons
  2 bone dragons (Abyss:1)
  An electric golem (Zot:5)
  16 tentacled monstrosities
  2 hellephants (Abyss:3)
  An iron giant (Vaults:5)
  A spectral shard shrike (Crypt:3)
  Zenata (Crypt:2)
  A Hell Sentinel (Zot:4)
  Jorgrun (Swamp:2)
  21 Orb Guardians
  9 liches
  9 quicksilver dragons
  4 titans
  11 sphinxes
  3 deep elf blademasters
  A walking divine tome (Depths:3)
  2 walking earthen tomes (Depths:3)
  2 deep elf master archers (Elf:3)
  A tentacled starspawn (Abyss:1)
  7 death cobs
  10 shadow dragons
  2 ancient champions
  Aizul (Snake:1)
  Agnes (Snake:4)
  6 draconian monks
  13 storm dragons
  A thorn hunter (Swamp:4)
  10 tengu reavers
  An azure jelly (Vaults:1)
  5 fire giants
  4 revenants
  A rockslime (Vaults:5)
  8 nagarajas
  An azure jelly (shapeshifter) (Depths:3)
  A fenstrider witch (Swamp:1)
  15 frost giants
  9 draconian knights
  7 deep elf sorcerers
  15 vault wardens
  2 juggernaut zombies
  Louise (Swamp:1)
  4 draconian scorchers
  3 ghost moths
  6 draconian stormcallers
  2 deep elf elementalists (Elf:3)
  11 draconian shifters
  3 iron dragons
  A curse skull (Crypt:1)
  A balrug (Depths:1)
  6 spriggan defenders
  17 ironbound preservers
  2 orc warlords
  A caustic shrike skeleton (Crypt:2)
  A juggernaut skeleton (Crypt:2)
  An ironbound thunderhulk (Vaults:4)
  15 stone giants
  10 green draconians
  10 draconian annihilators
  3 formless jellyfish
  4 war gargoyles
  9 very ugly things
  A stone giant (shapeshifter) (Depths:2)
  11 vampire knights
  6 eleionomae
  15 red draconians
  A lorocyproca (D:3)
  3 deep elf demonologists
  2 bunyips
  7 black draconians
  6 deep elf annihilators
  13 purple draconians
  9 white draconians
  12 dire elephants
  12 yellow draconians
  8 spark wasps
  2 deep elf death magi (Elf:3)
  A minotaur (Lair:2)
  8 eidola
  2 crystal guardians
  2 blizzard demons
  5 fire dragons
  2 merfolk impalers (Depths:2)
  An elf zombie (Crypt:2)
  20 jiangshi
  2 shambling mangroves (Swamp:4)
  19 yaktaur captains
  7 ettins
  3 spectral quicksilver dragons (Crypt:3)
  2 entropy weavers
  5 spectral spriggans (Crypt:3)
  6 deep elf high priests
  Fannar (D:12)
  29 vault guards
  Harold (Orc:1)
  A spectral shadow dragon (Crypt:3)
  A spriggan zombie (Crypt:2)
  A spectral fenstrider witch (Crypt:3)
  5 great orbs of eyes
  3 peacekeepers
  22 hydras
  4 rakshasas
  A hell beast (Depths:1)
  3 ghost crabs
  8 ice dragons
  An ogre mage (Vaults:5)
  4 death knights
  4 spriggan air magi (Depths:4)
  11 boulder beetles
  A merfolk avatar (Lair:5)
  9 centaur warriors
  A satyr (shapeshifter) (Vaults:5)
  32 dancing weapons
  11 alligators
  9 ironbound frosthearts
  6 anacondas
  2 two-headed ogres
  7 deep troll earth magi
  A demonic crawler (D:7)
  9 tengu warriors
  4 shock serpents
  13 naga warriors
  Urug (Lair:5)
  7 orc high priests
  A spectral naga (Crypt:3)
  7 deep troll shamans
  A thrashing horror (Abyss:3)
  5 vampire magi
  10 naga sharpshooters
  3 occultists
  8 death yaks
  A titan zombie (Crypt:3)
  Nergalle (D:10)
  7 spriggan berserkers
  3 spectral storm dragons (Crypt:3)
  24 deep elf knights
  A fire crab (Vaults:1)
  13 hell knights
  A soul eater (Depths:3)
  10 iron trolls
  A quicksilver dragon simulacrum (Crypt:2)
  A spectral spark wasp (Depths:1)
  A storm dragon zombie (Crypt:2)
  A sun demon (Depths:3)
  A sixfirhy (Depths:2)
  2 salamander mystics (Snake:3)
  A death drake (shapeshifter) (Vaults:5)
  13 flayed ghosts
  A spatial maelstrom (Abyss:3)
  3 skysharks
  4 goliath frogs
  13 skeletal warriors
  7 shadow wraiths
  2 glowing orange brains
  A shadow demon (D:7)
  2 storm dragon skeletons (Crypt:2)
  7 sea snakes
  53 deep trolls
  6 naga ritualists
  A deep troll (shapeshifter) (Vaults:5)
  8 bog bodies
  A spectral anaconda (Crypt:3)
  8 swamp dragons
  6 arcanists
  A spriggan simulacrum (Crypt:2)
  7 spriggan druids
  6 lindwurms
  A spectral hydra (Crypt:3)
  14 phantasmal warriors
  12 deep elf archers
  An iron giant skeleton (Crypt:2)
  6 harpies
  13 mana vipers
  17 ironbound convokers
  10 necromancers
  2 bunyip skeletons
  34 deep elf zephyrmancers
  A mana viper (shapeshifter) (Depths:2)
  23 starcursed masses
  30 deep elf pyromancers
  10 orc knights
  23 ugly things
  A wolf spider (shapeshifter) (Lair:3)
  4 cyclopes
  2 orc sorcerers
  6 elephants
  2 fauns (shapeshifter)
  28 moths of wrath
  A glowing shapeshifter (Depths:3)
  A spectral centaur (Crypt:3)
  2 worldbinders
  A will-o-the-wisp (Swamp:1)
  6 salamanders
  A tengu skeleton (Vaults:2)
  A centaur zombie (D:15)
  2 salamanders (shapeshifter) (D:15)
  Maurice (Orc:1)
  A stone giant skeleton (Crypt:2)
  A guardian serpent (shapeshifter) (Depths:2)
  A manticore (Lair:5)
  2 iron dragon skeletons
  37 black mambas
  7 guardian serpents
  19 naga magi
  A toenail golem (D:4)
  A torpor snail (Lair:2)
  A dire elephant zombie (Crypt:2)
  2 gargoyles
  6 large abominations
  12 vault sentinels
  A centaur skeleton (D:15)
  11 cane toads
  2 rime drakes
  2 unseen horrors
  A kobold demonologist (D:8)
  A dire elephant skeleton (Crypt:2)
  22 yaktaurs
  2 tormentors (Depths:3)
  7 komodo dragons
  An efreet (D:12)
  19 freezing wraiths
  4 tengu conjurers
  An ice devil (Zot:4)
  5 guardian mummies (Crypt:3)
  3 red devils
  A golden dragon simulacrum (Crypt:3)
  A grey draconian skeleton (Crypt:2)
  An unseen horror skeleton (Crypt:2)
  A spectral harpy (Crypt:3)
  4 meliai
  An ancient zyme (Abyss:1)
  2 bloated husks (Swamp:3)
  4 wind drakes
  2 queen bees (shapeshifter)
  12 trolls
  A harpy zombie (Abyss:1)
  8 polar bears
  2 hydra skeletons
  A moth of wrath zombie (Crypt:1)
  2 snapping turtles
  18 hornets
  2 wolf spider simulacra (D:15)
  An ettin zombie (Vaults:2)
  2 harpy skeletons
  A tarantella (Snake:4)
  10 blink frogs
  14 tyrant leeches
  A glass eye (Depths:1)
  Prince Ribbit (Lair:2)
  A deep troll zombie (Vaults:3)
  6 raiju
  A fire giant simulacrum (Vaults:3)
  A human simulacrum (Crypt:2)
  A guardian serpent skeleton (Crypt:2)
  8 water elementals
  An elf skeleton (Vaults:3)
  2 shadows
  A culicivora (D:15)
  9 wyverns
  2 air elementals
  36 slime creatures
  A fire dragon skeleton (Crypt:2)
  8 flying skulls
  A dire elephant simulacrum (Crypt:3)
  14 spriggans
  2 ynoxinuls
  7 basilisks
  2 ettin skeletons
  3 tyrant leech zombies
  7 wraiths
  6 fire elementals
  44 yaks
  3 steam dragons
  A basilisk (shapeshifter) (D:13)
  3 redbacks (Vaults:4)
  16 vampire mosquitoes
  A neqoxec (Abyss:3)
  2 chaos spawn (Depths:2)
  Menkaure (D:4)
  A naga (shapeshifter) (Lair:5)
  4 wargs
  2 harpy simulacra (Crypt:2)
  A spatial vortex (Abyss:3)
  19 swamp worms
  55 nagas
  A merfolk skeleton (Crypt:3)
  9 water moccasins
  7 hydra simulacra
  A cane toad zombie (Crypt:2)
  3 glowing shapeshifter skeletons
  A two-headed ogre skeleton (Crypt:3)
  An ice beast (D:6)
  2 black bears
  41 orc warriors
  9 swamp drakes
  8 ogres
  18 wolves
  A human skeleton (Vaults:2)
  A blink frog skeleton (Crypt:3)
  A lindwurm skeleton (Crypt:1)
  12 centaurs
  A kobold brigand (D:9)
  2 phantoms (D:5)
  8 bullfrogs
  3 earth elementals
  3 gnoll sergeants
  11 small abominations
  3 wights (D:8)
  5 scorpions
  5 killer bees (D:9)
  2 electric eels
  3 howler monkeys
  6 jellies
  A human zombie (Crypt:2)
  3 quasits
  9 hounds
  2 gnoll boudas
  35 orc priests
  An iron imp (Abyss:3)
  2 sleepcaps (D:5)
  Jessica (D:3)
  2 iguanas
  A basilisk skeleton (Crypt:3)
  23 orc wizards
  A killer bee zombie (Crypt:1)
  An acid dragon zombie (Crypt:1)
  An ogre skeleton (Crypt:3)
  A howler monkey zombie (Crypt:2)
  7 mummies (Crypt:3)
  Robin (D:2)
  16 gnolls
  9 adders
  4 white imps
  2 ufetubi (D:9)
  A worm (D:2)
  4 dart slugs
  75 orcs
  4 endoplasms
  2 giant cockroaches
  7 hobgoblins
  12 kobolds
  2 quokkas
  6 ball pythons
  5 bats
  4 frilled lizards
  21 goblins
  6 rats
2253 creatures vanquished.

Vanquished Creatures (collateral kills)
  A caustic shrike (Depths:4)
  A tentacled monstrosity (Zot:1)
  A lich (Zot:1)
  A thorn hunter (Swamp:4)
  A green draconian (Zot:4)
  A black draconian (Zot:1)
  A purple draconian (Zot:4)
  A peacekeeper (Vaults:4)
  A hell knight (Vaults:4)
  2 deep trolls
  A goliath frog (Swamp:4)
  A deep elf archer (Elf:2)
  A necromancer (D:14)
  A guardian serpent (Snake:4)
  A naga mage (Snake:4)
  A cane toad (Lair:3)
  A komodo dragon (Lair:1)
  2 yaktaurs
  A yak (D:11)
  A warg (Orc:2)
  A water moccasin (Lair:2)
  2 orc warriors
  An ogre (D:4)
  2 wolves (Lair:3)
  A centaur (D:9)
  A bullfrog (D:6)
  A gnoll sergeant (D:9)
  A killer bee (D:9)
  An orc priest (Orc:2)
  A centaur simulacrum (D:9)
  3 gnolls
  7 orcs
  A ball python (D:4)
  An orc zombie (Crypt:2)
46 creatures vanquished.

Vanquished Creatures (others)
  A dread lich (Zot:1)
  A death cob (Zot:1)
  A nagaraja (Snake:4)
  A fire giant (Vaults:4)
  A very ugly thing (Depths:3)
  An ettin (Depths:3)
  A jiangshi (Crypt:2)
  A fire dragon (Depths:3)
  An anaconda (Snake:3)
  A deep troll (Vaults:1)
  A moth of wrath (Zot:4)
  A manticore (D:11)
  A black mamba (Lair:2)
  A kobold demonologist (D:9)
  A bloated husk (Swamp:4)
  A wolf spider simulacrum (D:15)
  A raiju (shapeshifter) (D:9)
  A yak (Lair:1)
  14 dancing weapons
  A swamp worm (Lair:2)
  2 orc warriors (Orc:1)
  2 hydra simulacra (Depths:1)
  A killer bee (D:9)
  A centaur simulacrum (D:9)
  2 foxfires (Swamp:2)
  A lurking horror (Abyss:1)
  2 starspawn tentacles (Abyss:1)
44 creatures vanquished.

Grand Total: 2343 creatures vanquished

Notes
Turn   | Place    | Note
-------+----------+-------------------------------------------
     0 | D:1      | EnegeticOcto the Felid Chaos Knight began the quest for the
                  | Orb.
     0 | D:1      | Reached XP level 1. HP: 10/10 MP: 2/2
    34 | D:1      | Reached skill level 1 in Stealth
   140 | D:1      | Reached skill level 2 in Stealth
   175 | D:1      | XOM: butterfly on damage
   267 | D:1      | Reached XP level 2. HP: 14/14 MP: 3/3
   506 | D:1      | Reached skill level 3 in Stealth
   656 | D:2      | XOM: silly message
   766 | D:2      | XOM: silly message
   875 | D:2      | Reached XP level 3. HP: 17/17 MP: 4/4
   991 | D:2      | XOM: divination: detect creatures
  1099 | D:2      | Reached skill level 4 in Dodging
  1160 | D:2      | XOM: silly message
  1425 | D:3      | Reached skill level 1 in Shapeshifting
  1425 | D:3      | Reached XP level 4. HP: 21/21 MP: 5/5
  1457 | D:3      | Noticed Robin
  1509 | D:2      | XOM: noise
  1524 | D:2      | XOM: confuse monster(s)
  1532 | D:2      | Killed Robin
  1594 | D:3      | Reached skill level 4 in Unarmed Combat
  1898 | D:3      | XOM: butterfly on damage
  2024 | D:3      | Identified the ring "Koinwub" {rElec rPois rF- Dex+5}
  2088 | D:3      | Noticed Jessica
  2090 | D:3      | Killed Jessica
  2091 | D:3      | Reached skill level 2 in Shapeshifting
  2091 | D:3      | Reached XP level 5. HP: 24/24 MP: 6/6
  2233 | D:3      | XOM: 4-stop teleportation journey
  2516 | D:3      | Found an ornate altar of the Wu Jian Council.
  2704 | D:4      | Noticed Edmund
  2726 | D:4      | XOM: 1-stop teleportation journey
  2746 | D:4      | Noticed an ogre
  2751 | D:4      | XOM: confuse monster(s)
  2758 | D:4      | XOM: confuse monster(s)
  2764 | D:4      | Killed an ogre
  2765 | D:4      | Reached skill level 3 in Shapeshifting
  2765 | D:4      | Gained mutation: You are covered in thick fur. (AC +2)
                  | [Felid growth]
  2765 | D:4      | Reached XP level 6. HP: 19/28 MP: 7/7
  2769 | D:4      | Reached skill level 4 in Fighting
  3103 | D:4      | Found a staircase to the Ecumenical Temple.
  3152 | D:4      | Reached skill level 5 in Unarmed Combat
  3240 | D:4      | XOM: summons 1 hostile demon
  3247 | D:4      | XOM: divination: magic mapping
  3266 | D:4      | XOM: summons 4 hostile shadow creatures
  3272 | D:4      | Slain by an iguana
  3400 | D:4      | XOM: cloud trail
  3472 | D:4      | Noticed Menkaure
  3479 | D:4      | XOM: noise
  3503 | D:5      | Entered Level 5 of the Dungeon
  3607 | D:5      | XOM: enchant monster (bad)
  3622 | D:5      | Reached XP level 7. HP: 29/33 MP: 8/8
  3635 | D:5      | XOM: enchant monster (good)
  3721 | D:5      | XOM: cloud trail
  3795 | D:5      | XOM: 1-stop teleportation journey
  3856 | D:5      | Reached skill level 4 in Shapeshifting
  3952 | D:5      | XOM: noise
  3970 | D:5      | Reached skill level 5 in Fighting
  4082 | D:5      | Noticed a wyvern
  4258 | D:5      | Reached skill level 5 in Shapeshifting
  4282 | D:5      | XOM: silly message
  4342 | D:5      | XOM: silly message
  4412 | D:5      | XOM: confuse monster(s)
  4418 | D:5      | Reached skill level 6 in Shapeshifting
  4418 | D:5      | Reached XP level 8. HP: 22/37 MP: 9/9
  4454 | D:5      | XOM: god gift: 13 gold pieces
  4593 | D:5      | Reached skill level 7 in Shapeshifting
  4628 | D:5      | Reached skill level 5 in Dodging
  4628 | D:5      | Reached skill level 4 in Stealth
  4892 | D:5      | Learned a level 2 spell: Blink
  4916 | D:5      | Reached skill level 5 in Stealth
  4916 | D:5      | Reached skill level 1 in Translocations
  5044 | D:5      | XOM: divination: detect creatures
  5120 | D:5      | XOM: confuse monster(s)
  5209 | D:5      | Reached skill level 2 in Translocations
  5292 | D:5      | XOM: god gift: dark potion {god gift}
  5619 | D:6      | Reached skill level 6 in Dodging
  5673 | D:6      | Found a hide-covered altar of Uskayaw.
  5767 | D:6      | Reached skill level 3 in Translocations
  5777 | D:6      | XOM: silly message
  5954 | D:6      | XOM: summons 2 hostile shadow creatures
  5981 | D:6      | XOM: stat loss: -1 Dex (14/18)
  6155 | D:4      | XOM: swap monsters
  6178 | D:4      | XOM: chaos cloud
  6185 | D:4      | Edmund changed into Edmund the acid dragon
  6185 | D:4      | Noticed Edmund
  6185 | D:4      | XOM: polymorph Edmund -> Edmund the acid dragon
  6283 | D:6      | XOM: give mutations
  6283 | D:6      | Gained mutation: You expend magic power (3 MP) to
                  | strengthen your wands. [Xom's mischief]
  6283 | D:6      | Gained mutation: Your spells are a little easier to cast,
                  | but a little less powerful. [Xom's mischief]
  6387 | D:6      | XOM: give mutations
  6387 | D:6      | Gained mutation: You have a pair of small horns on your
                  | head. [Xom's mischief]
  6387 | D:6      | Gained mutation: Your flesh is heat resistant. (rF+) [Xom's
                  | mischief]
  6387 | D:6      | Lost mutation: Your spells are a little easier to cast, but
                  | a little less powerful. [Xom's mischief]
  6387 | D:6      | Gained mutation: Your muscles are strong. (Str +4, Int/Dex
                  | -1) [Xom's mischief]
  6444 | D:5      | Reached skill level 4 in Translocations
  6478 | D:6      | XOM: give mutations
  6478 | D:6      | Lost mutation: Your flesh is heat resistant. (rF+) [Xom's
                  | mischief]
  6478 | D:6      | Lost mutation: Your muscles are strong. (Str +4, Int/Dex
                  | -1) [Xom's mischief]
  6483 | D:5      | XOM: fake destruction
  6498 | D:5      | Reached skill level 7 in Dodging
  6677 | D:6      | Found a shimmering blue altar of Sif Muna.
  7342 | D:6      | Reached XP level 9. HP: 31/40 MP: 10/10
  7629 | D:7      | XOM: god gift: scroll of vulnerability
  7749 | D:7      | XOM is BORED!
  7749 | D:7      | XOM: torment (21/40 hp)
  7770 | D:6      | XOM: god gift: 764 gold pieces
  7842 | D:6      | Reached skill level 1 in Evocations
  7877 | D:6      | XOM: summons 9 friendly demons
  7881 | D:6      | Reached skill level 1 in Spellcasting
  7923 | D:7      | Found Keirenoz's Assorted Antiques.
  7968 | D:7      | Bought a bubbling black potion for 21 gold pieces
  7968 | D:7      | Bought a bubbling black potion for 21 gold pieces
  7968 | D:7      | Bought a wand of charming (5) for 288 gold pieces
  7968 | D:7      | Bought a scroll labelled GOBRO WIOX for 24 gold pieces
  7968 | D:7      | Bought 2 scrolls of identify for 96 gold pieces
  8473 | D:8      | Found Hiochul's Weapon Emporium.
  8618 | D:8      | XOM: noise
  8641 | D:7      | Reached skill level 5 in Translocations
  8641 | D:7      | Reached skill level 2 in Evocations
  8722 | D:8      | XOM: confusion (+ monsters)
  8733 | D:8      | XOM: noise
  8741 | D:8      | Reached skill level 6 in Unarmed Combat
  8757 | D:8      | Found Fomec's Assorted Antiques.
  8757 | D:8      | XOM: 6-stop teleportation journey
  8761 | D:8      | XOM: potion effect (berserk rage)
  8877 | D:8      | Bought an encrusted bronze wand for 72 gold pieces
  8877 | D:8      | Bought a scroll labelled ZECINN ABBYANG for 18 gold pieces
  8877 | D:8      | Bought an orange potion for 16 gold pieces
  8877 | D:8      | Bought a fizzy coppery potion for 16 gold pieces
  8987 | D:8      | XOM: confuse monster(s)
  9136 | D:8      | Found Xezunturgh's Antique Armour Boutique.
  9222 | D:8      | Reached skill level 6 in Fighting
  9222 | D:8      | Reached skill level 3 in Evocations
  9222 | D:8      | XOM: divination: magic mapping
  9240 | D:8      | Reached skill level 8 in Shapeshifting
  9295 | D:8      | XOM: cloud trail
  9369 | D:9      | Noticed a polar bear
  9370 | D:9      | Noticed a kobold demonologist
  9370 | D:9      | XOM: enchant monster (good)
  9380 | D:9      | XOM: divine lightning
  9383 | D:9      | XOM: 7-stop teleportation journey
  9443 | D:9      | Found a glowing golden altar of the Shining One.
  9443 | D:9      | Found a blossoming altar of Fedhas.
  9460 | D:9      | Reached skill level 4 in Evocations
  9463 | D:9      | XOM: cleaving
  9598 | D:9      | Reached XP level 10. HP: 32/46 MP: 12/12
  9704 | D:9      | Reached skill level 7 in Unarmed Combat
  9794 | D:9      | XOM: destruction
  9840 | D:9      | Reached skill level 7 in Fighting
  9919 | D:9      | XOM: cast spell 'Discord'
  9931 | D:9      | XOM: god gift: staff of death
 10107 | D:8      | Learned a level 2 spell: Lesser Beckoning
 10271 | D:9      | XOM: scenery: 2 fountains blood, 1 doors close
 10289 | D:9      | XOM: 1-stop teleportation journey
 10702 | D:9      | XOM: silly message
 10715 | D:9      | XOM: silly message
 10944 | D:9      | Reached skill level 9 in Shapeshifting
 11045 | D:9      | Noticed a centaur warrior
 11052 | D:9      | a centaur warrior changed into a shapeshifter
 11052 | D:9      | XOM: polymorph centaur warrior -> shapeshifter
 11054 | D:9      | Noticed a tengu warrior
 11085 | D:9      | XOM: summons 5 hostile demons
 11085 | D:9      | Slain by a troll
 11207 | D:9      | Noticed a two-headed ogre
 11228 | D:9      | XOM: summons 1 hostile demon
 11307 | D:9      | XOM: swap monsters
 11323 | D:9      | Killed a two-headed ogre
 11324 | D:9      | Reached skill level 8 in Unarmed Combat
 11324 | D:9      | Reached skill level 5 in Evocations
 11338 | D:8      | XOM: stat loss: -1 Int (12/13)
 11508 | D:9      | Reached skill level 8 in Fighting
 11579 | D:9      | XOM: silly message
 11596 | D:9      | XOM: potion effect (heal wounds)
 11698 | D:9      | XOM: divination: magic mapping
 11720 | D:9      | XOM: summons friendly ufetubus
 11769 | D:9      | XOM: butterfly on damage
 11771 | D:9      | XOM: fog
 11964 | D:9      | Reached XP level 11. HP: 36/51 MP: 13/13
 12091 | D:9      | Learned a level 3 spell: Tukima's Dance
 12146 | D:9      | Killed a tengu warrior
 12147 | D:9      | Reached skill level 2 in Hexes
 12147 | D:9      | Reached skill level 6 in Evocations
 12245 | D:4      | Edmund the acid dragon changed into Edmund the wyvern
 12245 | D:4      | Noticed Edmund
 12252 | D:4      | Killed Edmund the wyvern
 12531 | D:4      | Killed Menkaure
 12624 | D:4      | Found a staircase to the Ecumenical Temple.
 13116 | D:10     | Entered Level 10 of the Dungeon
 13282 | D:10     | Noticed Sonja
 13284 | D:10     | Sonja changed into Sonja the cane toad
 13284 | D:10     | Noticed Sonja
 13284 | D:10     | XOM: confusion (+ monsters)
 13451 | D:10     | Killed Sonja the cane toad
 13452 | D:10     | Reached skill level 3 in Hexes
 13509 | D:10     | XOM: torment (20/60 hp)
 13939 | D:10     | XOM: enchant monster (bad)
 13951 | D:10     | Reached skill level 10 in Shapeshifting
 13958 | D:10     | Reached skill level 9 in Unarmed Combat
 13958 | D:10     | Reached skill level 4 in Hexes
 13959 | D:10     | XOM: swap monsters
 14125 | D:10     | XOM: divination: detect creatures
 14344 | D:10     | Noticed Nergalle
 14353 | D:10     | XOM: fake destruction
 14358 | D:10     | XOM: fog
 14372 | D:10     | Killed Nergalle
 14373 | D:10     | Reached skill level 5 in Hexes
 14651 | D:11     | Found a portal to a secret trove of treasure.
 14752 | D:11     | Reached skill level 6 in Hexes
 14890 | D:11     | XOM: give mutation
 14890 | D:11     | Gained mutation: You occasionally shout uncontrollably at
                  | your foes. [Xom's mischief]
 14891 | D:11     | Found a snail-covered altar of Cheibriados.
 14999 | D:11     | XOM: give mutation
 14999 | D:11     | Gained mutation: You are frail. (-10% HP) [Xom's mischief]
 15115 | D:11     | Reached skill level 7 in Hexes
 15243 | D:11     | Reached skill level 10 in Unarmed Combat
 15589 | D:11     | XOM is BORED!
 15589 | D:11     | XOM: give mutations
 15589 | D:11     | Gained mutation: Your system is resistant to poisons.
                  | (rPois) [Xom's mischief]
 15589 | D:11     | Gained mutation: You are weak. (Str -2) [Xom's mischief]
 15589 | D:11     | Lost mutation: You are frail. (-10% HP) [Xom's mischief]
 15665 | D:11     | XOM: noise
 15963 | D:11     | XOM: silly message
 16142 | D:11     | Found a staircase to the Lair.
 16264 | D:11     | Learned a level 4 spell: Cause Fear
 16304 | Lair:1   | Entered Level 1 of the Lair of Beasts
 16311 | Lair:1   | XOM: summons 8 friendly demons
 16552 | Lair:1   | XOM: summons 5 friendly demons
 16559 | Lair:1   | Reached skill level 8 in Hexes
 16563 | Lair:1   | XOM: divination: magic mapping
 16567 | Lair:1   | XOM: silly message
 16571 | Lair:1   | XOM: enchant monster (good)
 16649 | Lair:1   | XOM: summons 5 hostile demons
 16739 | Lair:1   | XOM: cloud trail
 16795 | Lair:1   | XOM: 3-stop teleportation journey
 16800 | Lair:1   | XOM: butterfly on damage
 16811 | Lair:1   | XOM: 2-stop teleportation journey
 16855 | Lair:1   | XOM: god gift: +2 scale mail of positive energy
 16986 | Lair:1   | XOM: 1-stop teleportation journey
 17120 | Lair:1   | XOM: silly message
 17127 | Lair:1   | XOM: butterfly on damage
 17129 | Lair:1   | XOM: divination: detect creatures
 17129 | Lair:1   | Slain by a black mamba
 17133 | Lair:1   | Reached skill level 8 in Dodging
 17133 | Lair:1   | Reached skill level 6 in Stealth
 17194 | Lair:1   | XOM: god gift: +2 quarterstaff of distortion
 17231 | Lair:1   | XOM: scenery: create altars
 17646 | Lair:1   | Reached skill level 1 in Transmutations
 17646 | Lair:1   | Reached skill level 1 in Earth Magic
 17673 | Lair:2   | Gained mutation: Your thick and shaggy fur keeps you warm.
                  | (AC +3, rC+) [Felid growth]
 17673 | Lair:2   | Reached XP level 12. HP: 47/55 MP: 12/15
 17675 | Lair:2   | Noticed a five-headed hydra
 17678 | Lair:2   | XOM: divination: detect creatures
 17680 | Lair:2   | XOM: enchant monster (good)
 17693 | Lair:1   | Reached skill level 2 in Spellcasting
 17693 | Lair:1   | Reached skill level 2 in Transmutations
 17799 | Lair:2   | Reached skill level 2 in Earth Magic
 17925 | Lair:1   | XOM: divination: detect creatures
 17961 | Lair:1   | Learned a level 4 spell: Petrify
 17994 | Lair:1   | XOM: give mutations
 17994 | Lair:1   | Gained mutation: A frigid envelope surrounds you and
                  | freezes all who hurt you. [Xom's mischief]
 17994 | Lair:1   | Gained mutation: Potions are less effective at restoring
                  | your health. [Xom's mischief]
 18045 | D:12     | Found a staircase to the Orcish Mines.
 18205 | D:12     | Reached skill level 3 in Transmutations
 18350 | D:12     | Reached skill level 3 in Spellcasting
 18456 | D:12     | XOM: confuse monster(s)
 18474 | D:12     | Reached skill level 3 in Earth Magic
 18546 | D:12     | XOM: enchant monster (bad)
 18763 | D:12     | Lost mutation: You occasionally shout uncontrollably at
                  | your foes. [potion of mutation]
 18763 | D:12     | Lost mutation: You are weak. (Str -2) [potion of mutation]
 18763 | D:12     | Lost mutation: Your system is resistant to poisons. (rPois)
                  | [potion of mutation]
 18763 | D:12     | Gained mutation: You are clumsy. (Dex -2) [potion of
                  | mutation]
 18763 | D:12     | Gained mutation: You have hidden genetic potential. [potion
                  | of mutation]
 18763 | D:12     | Gained mutation: You are dopey. (Int -2) [potion of
                  | mutation]
 18907 | D:12     | Reached skill level 4 in Transmutations
 18945 | D:12     | Noticed a boulder beetle
 18945 | D:12     | XOM: confusion
 18946 | D:12     | XOM: enchant monster (bad)
 19238 | D:12     | Killed a boulder beetle
 19319 | D:12     | Noticed Fannar
 19320 | D:12     | XOM: enchant monster (bad)
 19336 | D:12     | XOM: noise
 19336 | D:12     | Killed Fannar
 19337 | D:12     | Reached skill level 4 in Spellcasting
 19540 | D:12     | XOM: noise
 19562 | D:11     | Reached skill level 5 in Transmutations
 19562 | D:11     | Reached skill level 4 in Earth Magic
 19826 | D:12     | XOM: divination: detect items
 19828 | D:12     | XOM: butterfly on damage
 19832 | D:12     | XOM: god gift: wand of iceblast (5)
 20075 | D:12     | XOM: god gift: 2 potions of curing
 20121 | D:11     | XOM: give mutations
 20121 | D:11     | Gained mutation: You passively map a small area around you.
                  | [Xom's grace]
 20121 | D:11     | Gained mutation: You are partially covered in iridescent
                  | scales. (AC +2) [Xom's grace]
 20206 | Lair:2   | XOM: smoke on damage
 20275 | Lair:2   | Noticed a boulder beetle
 20457 | Lair:1   | XOM: give mutations
 20457 | Lair:1   | Gained mutation: Your skin changes colour to match your
                  | surroundings (Stealth+). [Xom's grace]
 20457 | Lair:1   | Gained mutation: You possess an exceptional clarity of
                  | mind. [Xom's grace]
 20469 | Lair:1   | Identified the +0 robe of Xom's Inspiration {Harm rC- Will+
                  | Int+2} (Xom gifted it to you on level 1 of the Lair of
                  | Beasts)
 20469 | Lair:1   | XOM: god gift: +0 robe of Xom's Inspiration {Harm rC- Will+
                  | Int+2}
 20563 | Lair:2   | Killed a boulder beetle
 20591 | Lair:2   | XOM: god gift: boomerang
 20601 | Lair:2   | Reached skill level 6 in Transmutations
 20672 | Lair:2   | Reached skill level 5 in Earth Magic
 20673 | Lair:2   | XOM: fake destruction
 20678 | Lair:1   | XOM: summons 7 hostile demons
 20680 | Lair:1   | XOM: enchant monster (bad)
 20961 | Lair:3   | XOM: fog
 21035 | Lair:2   | XOM: 1-stop teleportation journey
 21075 | Lair:2   | XOM: cleaving
 21076 | Lair:2   | a five-headed hydra changed into a minotaur
 21076 | Lair:2   | Noticed a minotaur
 21076 | Lair:2   | XOM: polymorph five-headed hydra -> minotaur
 21079 | Lair:2   | XOM: enchant monster (good)
 21151 | Lair:2   | XOM: 1-stop teleportation journey
 21152 | Lair:2   | XOM: 2-stop teleportation journey
 21162 | Lair:2   | Noticed Prince Ribbit
 21171 | Lair:2   | Killed Prince Ribbit
 21172 | Lair:2   | Reached skill level 7 in Transmutations
 21199 | Lair:2   | Noticed a four-headed hydra
 21230 | Lair:2   | Noticed a seven-headed hydra
 21278 | Lair:2   | a seven-headed hydra changed into a glowing shapeshifter
 21278 | Lair:2   | XOM: polymorph seven-headed hydra -> glowing shapeshifter
 21403 | Lair:2   | XOM: polymorph spriggan -> glowing shapeshifter
 21467 | Lair:2   | You fall into a shaft and drop 1 floor!
 21480 | Lair:3   | XOM: enchant monster (bad)
 21509 | Lair:3   | Reached skill level 6 in Earth Magic
 21549 | Lair:3   | XOM: enchant monster (bad)
 21915 | Lair:3   | Noticed a boulder beetle
 21920 | Lair:3   | XOM: confuse monster(s)
 21927 | Lair:3   | Killed a boulder beetle
 21928 | Lair:3   | Reached skill level 8 in Transmutations
 21928 | Lair:3   | Reached XP level 13. HP: 55/58 MP: 1/20
 22514 | Lair:3   | XOM: summons 2 hostile demons
 22665 | Lair:3   | XOM: summons friendly shadow imp
 22689 | Lair:3   | XOM: chaos cloud
 22797 | Lair:3   | XOM: divination: detect items
 23186 | Lair:2   | Found a staircase to the Snake Pit.
 23198 | Lair:2   | Reached skill level 9 in Hexes
 23201 | Lair:2   | XOM: noise
 23219 | Lair:2   | XOM: summons 2 friendly demons
 23231 | Lair:2   | XOM: swap monsters
 23236 | Lair:2   | XOM: summons 1 hostile shadow creature
 23343 | Lair:2   | XOM: chaos cloud
 23489 | Lair:2   | XOM: 8-stop teleportation journey
 23581 | Lair:2   | XOM: summons 2 hostile shadow creatures
 23582 | Lair:2   | XOM: enchant monster (bad)
 23598 | Lair:1   | Learned a level 2 spell: Ensorcelled Hibernation
 23601 | Lair:1   | Learned a level 2 spell: Passwall
 23603 | Lair:1   | Learned a level 1 spell: Apportation
 23756 | Lair:2   | XOM: 6-stop teleportation journey
 23811 | Lair:2   | Gained mutation: Your flesh is heat resistant. (rF+)
                  | [hidden potential]
 24046 | Lair:2   | Found a staircase to the Swamp.
 24333 | Lair:3   | XOM: destruction
 24333 | Lair:3   | XOM: smoke on damage
 24589 | Lair:3   | Reached skill level 9 in Dodging
 24760 | Lair:3   | XOM: noise
 24764 | Lair:3   | XOM: enchant monster (bad)
 24769 | Lair:3   | XOM: enchant monster (bad)
 24775 | Lair:3   | Reached skill level 5 in Spellcasting
 24886 | Lair:3   | XOM: draining
 24959 | Lair:4   | XOM: repel stairs
 25065 | Lair:3   | Noticed a shadow dragon
 25200 | Orc:1    | Entered Level 1 of the Orcish Mines
 25203 | Orc:1    | Noticed Harold
 25213 | Orc:1    | XOM: butterfly on damage
 25214 | Orc:1    | Killed Harold
 25365 | Orc:1    | Noticed an orc warlord
 25375 | Orc:1    | XOM: chaos upgrade
 25490 | Orc:1    | XOM: divination: detect creatures
 25491 | Orc:1    | Reached skill level 10 in Hexes
 25491 | Orc:1    | Reached skill level 9 in Transmutations
 25513 | Orc:1    | Killed an orc warlord
 25514 | Orc:1    | Reached skill level 10 in Dodging
 25526 | Orc:1    | XOM: give mutations
 25526 | Orc:1    | Gained mutation: Your system is resistant to poisons.
                  | (rPois) [Xom's grace]
 25526 | Orc:1    | Gained mutation: Your muscles are strong. (Str +4, Int/Dex
                  | -1) [Xom's grace]
 25619 | Orc:1    | Found a frozen archway.
 25648 | Orc:1    | Noticed Maurice
 25662 | Orc:1    | Killed Maurice
 25684 | IceCv    | XOM: noise
 25684 | IceCv    | Entered an ice cave
 25689 | IceCv    | XOM: confuse monster(s)
 25692 | IceCv    | Reached skill level 1 in Ice Magic
 25717 | Orc:1    | XOM: scenery: create altars
 25729 | Orc:1    | XOM: scenery: summon butterflies
 25744 | Orc:1    | XOM: god gift: short sword {god gift}
 26100 | Orc:2    | Entered Level 2 of the Orcish Mines
 26100 | Orc:2    | Found a transporter.
 26121 | Orc:2    | Noticed Majang's ghost (journeyman OgSh)
 26122 | Orc:2    | Found a transporter.
 26143 | Orc:2    | XOM: fog
 26150 | Orc:2    | XOM: summons 7 hostile demons
 26256 | Orc:1    | XOM: stat loss: -1 Dex (17/18)
 26266 | Orc:2    | XOM: stat loss: -1 Int (9/10)
 26290 | Orc:2    | Found a staircase to the Elven Halls.
 26357 | Orc:2    | XOM: 1-stop teleportation journey
 26375 | Orc:2    | XOM: swap monsters
 26381 | Orc:2    | XOM: noise
 26692 | Orc:2    | XOM: cloud trail
 26739 | Orc:2    | XOM: cast spell 'Disjunction'
 26827 | Orc:2    | Reached skill level 7 in Stealth
 26833 | Orc:2    | Reached skill level 2 in Ice Magic
 27173 | Orc:2    | XOM: scenery: summon butterflies
 27178 | Orc:2    | XOM: summons 5 friendly demons
 27444 | Orc:2    | XOM: god gift: glowing broad axe {god gift}
 27952 | Orc:2    | XOM: give mutation
 27952 | Orc:2    | Lost mutation: You have hidden genetic potential. [Xom's
                  | grace]
 27952 | Orc:2    | Gained mutation: You are somewhat resistant to further
                  | mutation. [Xom's grace]
 28190 | Orc:2    | XOM: stat loss: -1 Str (11/12)
 28221 | Orc:2    | Reached skill level 3 in Ice Magic
 28455 | Orc:2    | XOM: polymorph orc knight -> shock serpent
 28463 | Orc:2    | Reached skill level 8 in Stealth
 28463 | Orc:2    | Reached skill level 6 in Spellcasting
 29288 | Orc:2    | XOM: confuse monster(s)
 29299 | Orc:2    | XOM: 1-stop teleportation journey
 29313 | Orc:2    | XOM: divination: detect items
 29340 | Orc:2    | Reached skill level 9 in Fighting
 29354 | Orc:1    | XOM: silly message
 29505 | Orc:2    | XOM: silly message
 29928 | Orc:2    | XOM: destruction
 29939 | Orc:2    | Reached skill level 4 in Ice Magic
 29939 | Orc:2    | Reached XP level 14. HP: 47/64 MP: 18/24
 30045 | Orc:2    | XOM: fog
 30373 | Orc:2    | XOM: give mutation
 30373 | Orc:2    | Lost mutation: You are clumsy. (Dex -2) [Xom's mischief]
 30499 | Orc:2    | XOM: give mutation
 30499 | Orc:2    | Lost mutation: You are dopey. (Int -2) [Xom's grace]
 30691 | Orc:2    | XOM: give mutations
 30691 | Orc:2    | Gained mutation: Your flesh is cold resistant. (rC+) [Xom's
                  | grace]
 30691 | Orc:2    | Gained mutation: You have a pair of horns on your head.
                  | [Xom's grace]
 30734 | Orc:2    | Found Jyiff's Antique Armour Boutique.
 30734 | Orc:2    | Found Iruenejola's Distillery.
 30735 | Orc:2    | Found Genatul's Armour Boutique.
 30735 | Orc:2    | Found Vokyh's Book Shop.
 30742 | Orc:2    | Bought a potion of cancellation for 88 gold pieces
 30742 | Orc:2    | Bought 2 potions of heal wounds for 110 gold pieces
 30742 | Orc:2    | Bought a potion of heal wounds for 55 gold pieces
 30742 | Orc:2    | Bought a potion of enlightenment for 55 gold pieces
 30742 | Orc:2    | Bought 2 potions of invisibility for 176 gold pieces
 30742 | Orc:2    | Bought a potion of magic for 88 gold pieces
 30742 | Orc:2    | Bought a potion of heal wounds for 55 gold pieces
 30900 | D:13     | XOM: cloud trail
 30947 | D:13     | XOM: give mutations
 30947 | D:13     | Lost mutation: You have a pair of horns on your head.
                  | [Xom's mischief]
 30947 | D:13     | Lost mutation: You have a pair of small horns on your head.
                  | [Xom's mischief]
 30947 | D:13     | Gained mutation: You are partially covered in large bone
                  | plates. (SH +4) [Xom's mischief]
 31011 | D:13     | XOM: noise
 31063 | D:13     | Reached skill level 10 in Fighting
 31066 | D:13     | XOM: noise
 31074 | D:13     | XOM: butterfly on damage
 31077 | D:13     | XOM: summons friendly quasit
 31108 | D:13     | XOM: noise
 31199 | D:12     | XOM is BORED!
 31258 | D:12     | XOM: polymorph vault guard -> death yak
 31477 | D:13     | Found a gate to the Vaults.
 31546 | D:13     | You fall into a shaft and drop 2 floors!
 31546 | D:15     | Entered Level 15 of the Dungeon
 31613 | D:14     | XOM: divination: magic mapping
 32305 | D:13     | XOM: polymorph troll -> wind drake
 32826 | D:14     | XOM: silly message
 32937 | D:14     | XOM: summons 1 hostile demon
 32944 | D:14     | Reached skill level 11 in Dodging
 33447 | D:15     | Reached skill level 7 in Spellcasting
 33601 | D:15     | XOM: 1-stop teleportation journey
 33657 | D:15     | Reached skill level 10 in Transmutations
 34042 | D:15     | Found a glowing golden altar of the Shining One.
 34148 | D:15     | XOM: 4-stop teleportation journey
 34170 | D:15     | XOM: summons friendly white imp
 34205 | D:15     | XOM: potion effect (invisibility)
 34373 | D:15     | Found a staircase to the Depths.
 34401 | D:15     | XOM: summons 6 friendly demons
 34901 | D:15     | Noticed a frost giant
 34916 | D:14     | Killed a frost giant
 34917 | D:14     | Reached skill level 12 in Dodging
 35004 | D:14     | XOM: scenery: 1 doors open, 1 doors close
 35147 | D:15     | XOM: give mutations
 35147 | D:15     | Gained mutation: You are robust. (+10% HP) [Xom's grace]
 35147 | D:15     | Gained mutation: Your spells are a little harder to cast,
                  | but a little more powerful. [Xom's grace]
 35147 | D:15     | Gained mutation: Your flesh is very heat resistant. (rF++)
                  | [Xom's grace]
 35147 | D:15     | Gained mutation: Your flesh is almost immune to the effects
                  | of heat. (rF+++) [Xom's grace]
 35186 | D:15     | XOM: 1-stop teleportation journey
 35225 | D:15     | XOM: scenery: summon butterflies
 35230 | D:15     | XOM: cast spell 'Call Canine Familiar'
 35236 | D:15     | XOM: noise
 35244 | D:15     | XOM: polymorph butterfly -> giant cockroach
 35366 | D:15     | XOM: polymorph yaktaur -> culicivora
 35368 | D:15     | Reached skill level 8 in Spellcasting
 35373 | D:15     | XOM: give mutations
 35373 | D:15     | Lost mutation: Your spells are a little harder to cast, but
                  | a little more powerful. [Xom's mischief]
 35373 | D:15     | Lost mutation: You are somewhat resistant to further
                  | mutation. [Xom's mischief]
 35521 | D:15     | Reached skill level 11 in Transmutations
 35719 | D:15     | XOM: stat loss: -1 Str (11/12)
 35953 | Lair:4   | XOM: cleaving
 36201 | Lair:3   | XOM: give mutations
 36201 | Lair:3   | Gained mutation: You have hidden genetic potential. [Xom's
                  | grace]
 36201 | Lair:3   | Gained mutation: You have a pair of small antennae on your
                  | head. [Xom's grace]
 36201 | Lair:3   | Gained mutation: You are very robust. (+20% HP) [Xom's
                  | grace]
 36201 | Lair:3   | Gained mutation: You passively map the area around you.
                  | [Xom's grace]
 36248 | Lair:3   | XOM: cast spell 'Discord'
 36349 | Lair:4   | XOM: god gift: 2 boomerangs
 36429 | Lair:3   | XOM: divination: detect items
 36469 | Lair:3   | XOM: potion effect (attraction)
 36476 | Lair:3   | XOM: potion effect (curing)
 36684 | Lair:4   | Reached XP level 15. HP: 82/82 MP: 5/28
 37019 | Lair:3   | XOM: summons friendly white imp
 37030 | Lair:3   | XOM: cast spell 'Alistair's Intoxication'
 37219 | Lair:3   | Reached skill level 13 in Dodging
 37370 | Lair:4   | XOM: enchant monster (bad)
 37372 | Lair:4   | XOM: cleaving
 37639 | Lair:4   | XOM: 3-stop teleportation journey
 37661 | Lair:4   | XOM: torment (42/82 hp)
 37925 | Lair:4   | XOM: give mutations
 37925 | Lair:4   | Lost mutation: A frigid envelope surrounds you and freezes
                  | all who hurt you. [Xom's mischief]
 37925 | Lair:4   | Lost mutation: Your flesh is cold resistant. (rC+) [Xom's
                  | mischief]
 37925 | Lair:4   | Lost mutation: You passively map the area around you.
                  | [Xom's mischief]
 37936 | Lair:4   | XOM: stat loss: -1 Str (11/12)
 38183 | Lair:4   | XOM: silly message
 38404 | Lair:4   | XOM: summons 4 hostile demons
 38452 | Lair:4   | XOM: smoke on damage
 38848 | Lair:5   | Entered Level 5 of the Lair of Beasts
 38848 | Lair:5   | Noticed Urug
 39094 | Lair:5   | Killed Urug
 39108 | Lair:5   | XOM: polymorph elephant -> elephant
 39258 | Lair:4   | XOM: repel stairs
 39261 | Lair:4   | XOM: confuse monster(s)
 39266 | Lair:4   | Reached skill level 11 in Unarmed Combat
 39433 | Lair:4   | XOM: summons 1 hostile demon
 39567 | Lair:5   | Reached skill level 12 in Transmutations
 39798 | Lair:5   | XOM: 1-stop teleportation journey
 39800 | Lair:5   | XOM: repel stairs
 39871 | Lair:5   | XOM: polymorph seven-headed hydra -> death yak
 39882 | Lair:4   | XOM: enchant monster (bad)
 39958 | Lair:4   | XOM: cloud trail
 40257 | Lair:4   | Reached skill level 14 in Dodging
 40952 | Lair:5   | XOM: enchant monster (bad)
 41014 | Lair:5   | XOM: cloud trail
 41342 | Swamp:1  | Entered Level 1 of the Swamp
 41350 | Lair:2   | XOM: potion effect (haste)
 41353 | Lair:2   | Reached skill level 12 in Unarmed Combat
 41355 | Lair:2   | XOM: silly message
 41433 | Lair:2   | XOM: noise
 41441 | Lair:2   | XOM: polymorph alligator -> great orb of eyes
 41554 | Lair:2   | XOM: summons 1 hostile demon
 41732 | Swamp:1  | XOM: give mutations
 41732 | Swamp:1  | Lost mutation: Your system is resistant to poisons. (rPois)
                  | [Xom's mischief]
 41732 | Swamp:1  | Lost mutation: You are very robust. (+20% HP) [Xom's
                  | mischief]
 41768 | Swamp:1  | XOM: noise
 41789 | Swamp:1  | Noticed Louise
 41789 | Swamp:1  | XOM: 1-stop teleportation journey
 41795 | Swamp:1  | XOM: summons 6 hostile demons
 41969 | Swamp:1  | XOM: 1-stop teleportation journey
 41992 | Swamp:1  | XOM: 2-stop teleportation journey
 42222 | Swamp:1  | XOM: god gift: runed ring mail {god gift}
 42228 | Swamp:1  | XOM: silly message
 42473 | Swamp:1  | XOM: divination: detect items
 42494 | Swamp:1  | XOM: noise
 42641 | Swamp:1  | Killed Louise
 42783 | Swamp:1  | Reached skill level 11 in Hexes
 42860 | Swamp:1  | Gained mutation: Your muscles are very strong. (Str +8,
                  | Int/Dex -2) [hidden potential]
 43080 | Swamp:1  | Noticed a fenstrider witch
 43090 | Swamp:1  | XOM: give mutations
 43090 | Swamp:1  | Lost mutation: Your flesh is almost immune to the effects
                  | of heat. (rF+++) [Xom's mischief]
 43090 | Swamp:1  | Lost mutation: Your muscles are very strong. (Str +8,
                  | Int/Dex -2) [Xom's mischief]
 43097 | Swamp:1  | Killed a fenstrider witch
 43454 | Swamp:1  | XOM: divination: detect items
 43599 | Swamp:2  | XOM: noise
 43651 | Swamp:1  | XOM: give mutations
 43651 | Swamp:1  | Lost mutation: You have a pair of small antennae on your
                  | head. [Xom's mischief]
 43651 | Swamp:1  | Lost mutation: You are partially covered in iridescent
                  | scales. (AC +2) [Xom's mischief]
 43651 | Swamp:1  | Lost mutation: You are robust. (+10% HP) [Xom's mischief]
 43705 | Swamp:2  | XOM: chaos upgrade
 43843 | Swamp:1  | XOM: enchant monster (bad)
 44169 | Swamp:2  | XOM: silly message
 44196 | Swamp:1  | Reached skill level 15 in Dodging
 44278 | Swamp:2  | XOM: fog
 44301 | Swamp:2  | XOM: 1-stop teleportation journey
 44397 | Swamp:2  | XOM: fog
 44752 | Swamp:2  | XOM: summons friendly iron imp
 44912 | Swamp:2  | Noticed Jorgrun
 44920 | Swamp:2  | Killed Jorgrun
 44921 | Swamp:2  | Reached skill level 12 in Hexes
 44938 | Swamp:2  | Reached XP level 16. HP: 29/73 MP: 29/29
 45123 | Swamp:2  | XOM: summons friendly quasit
 45133 | Swamp:2  | Reached skill level 13 in Unarmed Combat
 45183 | Swamp:2  | XOM: give mutations
 45183 | Swamp:2  | Lost mutation: You possess an exceptional clarity of mind.
                  | [Xom's mischief]
 45183 | Swamp:2  | Gained mutation: You have a pair of small antennae on your
                  | head. [Xom's mischief]
 45205 | Swamp:2  | Learned a level 3 spell: Confusing Touch
 45207 | Swamp:2  | XOM: noise
 45318 | Swamp:2  | XOM: repel stairs
 45323 | Swamp:2  | XOM: god gift: 5 stones
 45327 | Swamp:2  | XOM: fake destruction
 45431 | Swamp:2  | XOM is BORED!
 45431 | Swamp:2  | XOM: give mutations
 45431 | Swamp:2  | Lost mutation: Potions are less effective at restoring your
                  | health. [Xom's mischief]
 45431 | Swamp:2  | Gained mutation: Your system is resistant to poisons.
                  | (rPois) [Xom's mischief]
 45431 | Swamp:2  | Gained mutation: You occasionally lose the ability to read
                  | scrolls when taking damage. [Xom's mischief]
 45431 | Swamp:2  | Lost mutation: Your flesh is very heat resistant. (rF++)
                  | [Xom's mischief]
 46031 | Swamp:3  | XOM: silly message
 46187 | Swamp:3  | XOM: stat loss: -1 Int (12/13)
 46263 | Swamp:3  | XOM: blink monster(s)
 46414 | Swamp:3  | XOM: chaos upgrade
 46644 | Swamp:3  | Reached skill level 13 in Hexes
 46880 | Swamp:3  | XOM: polymorph swamp drake -> wyvern
 46887 | Swamp:3  | Reached skill level 16 in Dodging
 46958 | Swamp:3  | XOM: give mutations
 46958 | Swamp:3  | Gained mutation: You are vulnerable to cold. (rC-) [Xom's
                  | mischief]
 46958 | Swamp:3  | Lost mutation: You have hidden genetic potential. [Xom's
                  | mischief]
 46964 | Swamp:3  | XOM: polymorph spriggan druid -> bunyip
 46965 | Swamp:3  | Demolished by a bunyip
 47265 | Swamp:3  | XOM: god gift: +1 chain mail of cold resistance
 47659 | Lair:2   | XOM: summons 4 hostile demons
 47703 | Snake:1  | Entered Level 1 of the Snake Pit
 47796 | Snake:1  | Found Uxzugouz's Assorted Antiques.
 47800 | Snake:1  | Bought an iron ring for 175 gold pieces
 47887 | Snake:1  | Identified the serpent talisman "Parauwawn" {rElec rPois
                  | rN++ Int-2}
 47887 | Snake:1  | Noticed Aizul
 47991 | Snake:1  | Reached skill level 14 in Unarmed Combat
 48174 | Snake:1  | XOM: smoke on damage
 48231 | Snake:1  | XOM: silly message
 48328 | Snake:1  | Killed Aizul
 48605 | Snake:1  | XOM: 3-stop teleportation journey
 48712 | Snake:1  | XOM: silly message
 48950 | Snake:1  | XOM: butterfly on damage
 48955 | Snake:1  | XOM: 7-stop teleportation journey
 49235 | Snake:1  | XOM: divination: detect creatures
 49241 | Snake:1  | XOM: potion effect (might)
 49443 | Snake:2  | You fall into a shaft and drop 1 floor!
 49899 | Snake:2  | XOM: summons friendly ufetubus
 50238 | Snake:1  | XOM: draining
 50353 | Snake:2  | XOM: 2-stop teleportation journey
 50444 | Snake:2  | Reached skill level 11 in Fighting
 50610 | Snake:1  | XOM: 1-stop teleportation journey
 50612 | Snake:1  | XOM: summons friendly quasit
 50951 | Snake:1  | XOM: noise
 51231 | Snake:2  | XOM: noise
 51243 | Snake:2  | XOM: scenery: summon butterflies
 51265 | Snake:2  | XOM: polymorph butterfly -> jackal
 51285 | Snake:2  | XOM: confuse monster(s)
 51358 | Snake:2  | XOM: snakes to sticks
 51577 | Snake:2  | XOM: god gift: potion of curing
 51710 | Snake:2  | XOM: god gift: orcbow {god gift}
 51781 | Snake:2  | XOM: butterfly on damage
 51999 | Snake:2  | XOM: god gift: short sword {god gift}
 52315 | Snake:2  | Reached skill level 15 in Unarmed Combat
 52449 | Snake:2  | XOM: divination: detect items
 52525 | Snake:3  | XOM: scenery: summon butterflies
 52569 | Snake:3  | XOM: god gift: wand of digging (5)
 52604 | Snake:3  | XOM: summons 4 friendly demons
 52620 | Snake:3  | Reached XP level 17. HP: 31/78 MP: 26/30
 52640 | Snake:3  | Reached skill level 11 in Shapeshifting
 52773 | Snake:3  | XOM: cloud trail
 52905 | Snake:3  | XOM: polymorph naga mage -> shapeshifter
 53081 | Snake:3  | Found Dilurol's Book Emporium.
 53081 | Snake:3  | Found Lostoe's Jewellery Shop.
 53082 | Snake:3  | Found Voaraukk's Book Emporium.
 53094 | Snake:3  | Bought a book of the Warp for 882 gold pieces
 53100 | Snake:3  | Learned a level 4 spell: Manifold Assault
 53230 | Snake:3  | XOM: 6-stop teleportation journey
 53599 | Snake:3  | Identified the +0 trident of the Depths {flame, rF+++
                  | Int-4}
 53850 | Snake:4  | Entered Level 4 of the Snake Pit
 53859 | Snake:4  | XOM: summons 9 friendly demons
 54082 | Snake:4  | XOM: scenery: create altars
 54092 | Snake:4  | XOM: polymorph naga mage -> harpy
 54094 | Snake:4  | XOM: snakes to sticks
 54132 | Snake:3  | Identified the ring "Jysyt" {rElec rCorr MP-9 Str+3} (Xom
                  | gifted it to you on level 3 of the Snake Pit)
 54132 | Snake:3  | XOM: god gift: ring "Jysyt" {rElec rCorr MP-9 Str+3}
 54634 | Snake:4  | Noticed Nikola
 54659 | Snake:4  | XOM: confuse monster(s)
 54665 | Snake:4  | Reached skill level 6 in Translocations
 54707 | Snake:4  | XOM: give mutations
 54707 | Snake:4  | Gained mutation: You have a pair of antennae on your head.
                  | [Xom's grace]
 54707 | Snake:4  | Gained mutation: You are partially covered in iridescent
                  | scales. (AC +2) [Xom's grace]
 54707 | Snake:4  | Gained mutation: You are mostly covered in iridescent
                  | scales. (AC +4) [Xom's grace]
 54707 | Snake:4  | Gained mutation: Your muscles are very strong. (Str +8,
                  | Int/Dex -2) [Xom's grace]
 55028 | Snake:4  | Reached skill level 12 in Fighting
 55144 | Snake:4  | XOM: scenery: create altars
 55258 | Snake:4  | XOM: 9-stop teleportation journey
 55614 | Snake:4  | XOM: summons 3 friendly demons
 55617 | Snake:4  | XOM: fog
 55622 | Snake:4  | Reached skill level 7 in Translocations
 55823 | Snake:4  | Noticed Agnes
 55831 | Snake:4  | Killed Agnes
 55842 | Snake:4  | XOM: scenery: summon butterflies
 56013 | Snake:4  | XOM: 1-stop teleportation journey
 56025 | Snake:4  | XOM: destruction
 56169 | Snake:4  | XOM: scenery: create altars
 56173 | Snake:4  | XOM: polymorph black mamba -> tarantella
 56511 | Snake:3  | XOM: give mutation
 56511 | Snake:3  | Lost mutation: You have a pair of antennae on your head.
                  | [Xom's mischief]
 56634 | Snake:4  | Reached skill level 8 in Translocations
 57056 | Snake:4  | XOM is BORED!
 57089 | Snake:4  | XOM: draining
 57386 | Snake:4  | Reached skill level 12 in Shapeshifting
 57713 | Snake:4  | XOM: stat loss: -1 Dex (20/21)
 57792 | Snake:4  | XOM: give mutations
 57792 | Snake:4  | Lost mutation: Your system is resistant to poisons. (rPois)
                  | [Xom's mischief]
 57792 | Snake:4  | Gained mutation: Potions are less effective at restoring
                  | your health. [Xom's mischief]
 57792 | Snake:4  | Lost mutation: You passively map a small area around you.
                  | [Xom's mischief]
 57792 | Snake:4  | Lost mutation: Potions are less effective at restoring your
                  | health. [Xom's mischief]
 58603 | Snake:4  | Reached skill level 9 in Translocations
 58801 | Snake:4  | XOM: give mutation
 58801 | Snake:4  | Lost mutation: Your skin changes colour to match your
                  | surroundings (Stealth+). [Xom's mischief]
 58912 | Snake:4  | XOM: cast spell 'Summon Mana Viper'
 59021 | Snake:4  | Got a serpentine rune of Zot
 59719 | Snake:4  | XOM: noise
 60265 | Lair:2   | XOM: give mutation
 60265 | Lair:2   | Gained mutation: Your body sometimes deteriorates upon
                  | taking damage. [Xom's mischief]
 60328 | Swamp:4  | Entered Level 4 of the Swamp
 60336 | Swamp:4  | Reached skill level 13 in Fighting
 60501 | Swamp:4  | XOM: polymorph thorn hunter -> shambling mangrove
 60520 | Swamp:3  | Reached skill level 10 in Translocations
 60749 | Swamp:4  | XOM: blink monster(s)
 60768 | Swamp:4  | XOM: noise
 60816 | Swamp:4  | XOM: give mutation
 60816 | Swamp:4  | Gained mutation: Your spells are a little harder to cast,
                  | but a little more powerful. [Xom's mischief]
 60972 | Swamp:4  | XOM: give mutations
 60972 | Swamp:4  | Gained mutation: You are completely covered in iridescent
                  | scales. (AC +6) [Xom's grace]
 60972 | Swamp:4  | Gained mutation: Your flesh is very heat resistant. (rF++)
                  | [Xom's grace]
 60972 | Swamp:4  | Gained mutation: You are agile. (Dex +4, Str/Int -1) [Xom's
                  | grace]
 61149 | Swamp:4  | XOM: enchant monster (bad)
 61189 | Swamp:4  | XOM: summons 1 hostile demon
 61439 | Swamp:4  | XOM: 1-stop teleportation journey
 61446 | Swamp:4  | XOM: blink monster(s)
 61465 | Swamp:4  | Reached skill level 11 in Translocations
 61583 | Swamp:4  | Reached skill level 13 in Shapeshifting
 61776 | Swamp:4  | XOM: enchant monster (bad)
 61777 | Swamp:4  | XOM: polymorph four-headed hydra -> storm dragon
 61913 | Swamp:4  | XOM: stat loss: -1 Int (7/9)
 61926 | Swamp:4  | XOM: blink monster(s)
 61934 | Swamp:4  | XOM: enchant monster (good)
 61940 | Swamp:4  | Reached XP level 18. HP: 82/85 MP: 13/31
 62533 | Swamp:4  | XOM: confusion
 62889 | Swamp:4  | XOM: give mutation
 62889 | Swamp:4  | Gained mutation: You possess an exceptional clarity of
                  | mind. [Xom's grace]
 62902 | Swamp:4  | XOM: cast spell 'Olgreb's Toxic Radiance'
 62908 | Swamp:4  | XOM: destruction
 62916 | Swamp:4  | Reached skill level 12 in Translocations
 63048 | Swamp:3  | XOM: divination: detect creatures
 63245 | Swamp:4  | Got a decaying rune of Zot
 63749 | Vaults:5 | Identified the "Jofrek"
 63749 | Depths:3 | Identified the "Hius Eme"
 63749 | Elf:1    | Identified the "Xouragh"
 63749 | Elf:1    | Entered Level 1 of the Elven Halls
 63883 | Orc:2    | XOM: god gift: 23 gold pieces
 63985 | Elf:1    | XOM: divination: detect items
 64026 | Elf:1    | XOM: scenery: 1 doors close
 64340 | Elf:1    | XOM: divination: detect items
 64432 | Elf:1    | Paralysed by an air elemental for 1 turns
 64581 | Elf:1    | XOM: confuse monster(s)
 64603 | Elf:1    | XOM: divination: detect items
 64836 | Elf:1    | Reached skill level 14 in Shapeshifting
 65086 | Elf:1    | XOM: potion effect (magic)
 65124 | Elf:1    | XOM: noise
 65375 | Elf:1    | XOM: butterfly on damage
 65382 | Elf:1    | Killed from afar by a deep elf knight
 65453 | Elf:1    | XOM: give mutation
 65453 | Elf:1    | Lost mutation: Your spells are a little harder to cast, but
                  | a little more powerful. [Xom's mischief]
 65681 | Elf:1    | XOM: scenery: 1 doors open
 66087 | Elf:1    | XOM: give mutations
 66087 | Elf:1    | Lost mutation: You expend magic power (3 MP) to strengthen
                  | your wands. [Xom's mischief]
 66087 | Elf:1    | Lost mutation: You have a pair of small antennae on your
                  | head. [Xom's mischief]
 66087 | Elf:1    | Lost mutation: You are agile. (Dex +4, Str/Int -1) [Xom's
                  | mischief]
 66154 | Elf:1    | XOM: stat loss: -1 Int (9/10)
 66294 | Vaults:1 | Entered Level 1 of the Vaults
 66322 | Vaults:1 | Reached skill level 16 in Unarmed Combat
 66737 | Vaults:1 | Reached skill level 14 in Fighting
 66815 | Vaults:1 | XOM: give mutations
 66815 | Vaults:1 | Lost mutation: Your body sometimes deteriorates upon taking
                  | damage. [Xom's mischief]
 66815 | Vaults:1 | Lost mutation: You are completely covered in iridescent
                  | scales. (AC +6) [Xom's mischief]
 66815 | Vaults:1 | Lost mutation: You are partially covered in large bone
                  | plates. (SH +4) [Xom's mischief]
 67265 | Vaults:1 | XOM: cloud trail
 67330 | Vaults:1 | XOM: scenery: 1 doors open
 67782 | Vaults:1 | XOM: summons 5 friendly demons
 68223 | Elf:2    | XOM: enchant monster (good)
 68266 | Elf:2    | Reached skill level 15 in Fighting
 68289 | Elf:2    | Paralysed by an air elemental for 1 turns
 68331 | Elf:2    | XOM: give mutations
 68331 | Elf:2    | Gained mutation: Your spells are a little harder to cast,
                  | but a little more powerful. [Xom's grace]
 68331 | Elf:2    | Gained mutation: Your flesh is almost immune to the effects
                  | of heat. (rF+++) [Xom's grace]
 68364 | Elf:2    | XOM: 2-stop teleportation journey
 68420 | Elf:2    | XOM is BORED!
 68511 | Elf:2    | XOM: give mutations
 68511 | Elf:2    | Gained mutation: Your body sometimes deteriorates upon
                  | taking damage. [Xom's mischief]
 68511 | Elf:2    | Lost mutation: Your flesh is almost immune to the effects
                  | of heat. (rF+++) [Xom's mischief]
 68631 | Elf:2    | Found a runed translucent gate.
 68632 | Elf:2    | Found a runed translucent gate.
 68687 | Elf:2    | XOM: 1-stop teleportation journey
 68855 | Elf:2    | XOM: give mutations
 68855 | Elf:2    | Lost mutation: You possess an exceptional clarity of mind.
                  | [Xom's mischief]
 68855 | Elf:2    | Lost mutation: Your body sometimes deteriorates upon taking
                  | damage. [Xom's mischief]
 68858 | Elf:2    | XOM: 1-stop teleportation journey
 68918 | Elf:2    | XOM: silly message
 69019 | Elf:2    | Reached skill level 7 in Evocations
 69198 | Elf:2    | XOM: divination: detect items
 69235 | Elf:2    | Found a runed translucent gate.
 69403 | Elf:2    | XOM: cast spell 'Cause Fear'
 69411 | Elf:2    | Reached XP level 19. HP: 93/93 MP: 32/32
 69428 | Elf:2    | XOM: silly message
 69437 | Elf:1    | Found a radiant altar of Vehumet.
 69570 | Elf:2    | XOM: noise
 69571 | Elf:2    | XOM: smoke on damage
 69818 | Elf:3    | Identified the "Cighicleu"
 69818 | Elf:3    | Entered Level 3 of the Elven Halls
 69945 | Elf:3    | Reached skill level 17 in Dodging
 69950 | Elf:3    | Reached skill level 8 in Evocations
 70093 | Elf:3    | XOM: 1-stop teleportation journey
 70099 | Elf:3    | XOM: give mutation
 70099 | Elf:3    | Lost mutation: Your muscles are very strong. (Str +8,
                  | Int/Dex -2) [Xom's mischief]
 70123 | Elf:3    | XOM: stat loss: -1 Dex (21/22)
 70395 | Elf:3    | Found an ancient bone altar of Kikubaaqudgha.
 70515 | Elf:3    | XOM: chaos cloud
 70533 | Elf:2    | XOM: 2-stop teleportation journey
 70687 | Elf:2    | XOM: silly message
 70708 | Elf:2    | XOM: 2-stop teleportation journey
 71342 | Elf:3    | XOM: silly message
 71467 | Elf:3    | Identified the +2 spear of the World {antimagic, rPois rC++
                  | Dex+2}
 71599 | Elf:3    | Identified the +11 war axe of Classification {freeze, rF++}
 71599 | Elf:3    | Identified the ring "Xosifumi" {rC+ MP+9 Str+4 Slay-2 SInv}
 71599 | Elf:3    | XOM: 1-stop teleportation journey
 71604 | Elf:3    | XOM: butterfly on damage
 71683 | Elf:1    | XOM: 9-stop teleportation journey
 71779 | D:12     | XOM: cloud trail
 71930 | Vaults:1 | XOM: 1-stop teleportation journey
 72026 | Vaults:1 | Paralysed by a formless jellyfish for 1 turns
 72027 | Vaults:1 | XOM: cleaving
 72229 | Vaults:1 | Reached skill level 9 in Evocations
 72244 | Vaults:1 | XOM: give mutation
 72244 | Vaults:1 | Lost mutation: Your spells are a little harder to cast, but
                  | a little more powerful. [Xom's mischief]
 72566 | Vaults:1 | XOM: destruction
 72572 | Vaults:1 | XOM: divination: magic mapping
 72579 | Vaults:1 | XOM: blink monster(s)
 72621 | Vaults:1 | XOM: confuse monster(s)
 72624 | Vaults:1 | XOM: polymorph ironbound preserver -> azure jelly
 72853 | Vaults:1 | Reached skill level 18 in Dodging
 73235 | Vaults:1 | XOM: noise
 73248 | Vaults:1 | XOM: torment (50/111 hp)
 73252 | Vaults:1 | XOM: swap monsters
 73262 | Vaults:1 | XOM: divination: detect creatures
 73596 | Vaults:1 | XOM: scenery: 2 doors close
 73596 | Vaults:1 | XOM: butterfly on damage
 73712 | Vaults:1 | XOM: 2-stop teleportation journey
 73860 | Vaults:1 | XOM: cast spell 'Summon Mana Viper'
 73940 | Vaults:1 | XOM: noise
 74020 | Vaults:1 | XOM: confuse monster(s)
 74214 | Vaults:1 | XOM: smoke on damage
 74581 | Vaults:1 | Learned a level 6 spell: Dispersal
 74588 | Vaults:2 | XOM: confuse monster(s)
 74834 | Vaults:2 | XOM is BORED!
 74834 | Vaults:2 | XOM: noise
 74866 | Vaults:1 | XOM is BORED!
 74959 | Vaults:1 | XOM: noise
 75163 | Vaults:2 | XOM: divination: detect items
 75252 | Vaults:2 | Found Qaig's Magic Scroll Shoppe.
 75260 | Vaults:2 | Bought a scroll of acquirement for 988 gold pieces
 75260 | Vaults:2 | Bought 2 scrolls of teleportation for 114 gold pieces
 75260 | Vaults:2 | Identified the "Loaxol" (You acquired it on level 2 of the
                  | Vaults)
 75260 | Vaults:2 | Acquired the amulet of Zizizy {Regen+ Str+7}
 75272 | Vaults:2 | Bought a scroll of poison for 76 gold pieces
 75603 | Vaults:2 | XOM: summons 13 friendly demons
 75817 | Vaults:2 | XOM: divination: detect items
 75959 | Vaults:2 | XOM: give mutations
 75959 | Vaults:2 | Lost mutation: Your muscles are strong. (Str +4, Int/Dex
                  | -1) [Xom's mischief]
 75959 | Vaults:2 | Lost mutation: You are mostly covered in iridescent scales.
                  | (AC +4) [Xom's mischief]
 75959 | Vaults:2 | Gained mutation: You are resistant to electric shocks.
                  | (rElec) [Xom's mischief]
 76081 | Vaults:2 | Reached skill level 19 in Dodging
 76541 | Vaults:2 | XOM: summons 5 hostile demons
 76647 | Vaults:2 | XOM: confuse monster(s)
 76812 | Vaults:2 | Found a staircase to the Crypt.
 77019 | Vaults:2 | Reached skill level 16 in Fighting
 77342 | Vaults:3 | XOM: scenery: 2 doors open
 77483 | Vaults:3 | XOM: confusion (+ monsters)
 77494 | Vaults:3 | XOM: divination: detect items
 77514 | Vaults:3 | Reached XP level 20. HP: 98/98 MP: 33/33
 77518 | Vaults:3 | Reached skill level 17 in Unarmed Combat
 77799 | Vaults:3 | XOM: 1-stop teleportation journey
 77811 | Vaults:3 | XOM: enchant monster (good)
 78431 | Vaults:3 | XOM is BORED!
 79063 | Vaults:3 | XOM: fog
 79263 | Vaults:3 | XOM: fog
 79265 | Vaults:3 | XOM: polymorph deep troll -> snapping turtle
 79269 | Vaults:3 | Reached skill level 20 in Dodging
 79463 | Vaults:3 | XOM: cloud trail
 79477 | Vaults:3 | XOM: summons 13 friendly demons
 79507 | Vaults:3 | XOM: summons friendly quasit
 79685 | Vaults:3 | XOM: give mutations
 79685 | Vaults:3 | Lost mutation: You are partially covered in iridescent
                  | scales. (AC +2) [Xom's mischief]
 79685 | Vaults:3 | Lost mutation: You occasionally lose the ability to read
                  | scrolls when taking damage. [Xom's mischief]
 79685 | Vaults:3 | Gained mutation: You have very sharp fingernails. [Xom's
                  | mischief]
 79685 | Vaults:3 | Lost mutation: Your flesh is very heat resistant. (rF++)
                  | [Xom's mischief]
 79686 | Vaults:3 | Lost mutation: Your flesh is heat resistant. (rF+) [potion
                  | of mutation]
 79686 | Vaults:3 | Lost mutation: You are vulnerable to cold. (rC-) [potion of
                  | mutation]
 79686 | Vaults:3 | Gained mutation: Your mind is acute. (Int +4, Str/Dex -1)
                  | [potion of mutation]
 79686 | Vaults:3 | Gained mutation: You are robust. (+10% HP) [potion of
                  | mutation]
 79686 | Vaults:3 | Gained mutation: Your muscles are strong. (Str +4, Int/Dex
                  | -1) [potion of mutation]
 79834 | Vaults:3 | XOM: divination: magic mapping
 79972 | Vaults:4 | XOM: fog
 79982 | Vaults:4 | Noticed Margery
 79993 | Vaults:4 | Killed Margery
 80042 | Vaults:4 | Noticed Xtahua
 80048 | Vaults:4 | Killed Xtahua
 80129 | Vaults:4 | Found Cuif's Armour Shoppe.
 80147 | Vaults:4 | XOM: cast spell 'Summon Hydra'
 80148 | Vaults:4 | Reached skill level 15 in Shapeshifting
 80199 | Vaults:4 | XOM: god gift: long sword {god gift}
 80303 | Vaults:4 | Noticed Mara
 80321 | Vaults:4 | XOM: confuse monster(s)
 80322 | Vaults:4 | Killed Mara
 80672 | Vaults:4 | XOM: cloud trail
 80709 | Vaults:4 | Found Gyleony's Assorted Antiques.
 80712 | Vaults:4 | XOM: cast spell 'Summon Hydra'
 80758 | Vaults:4 | Bought a scroll of teleportation for 78 gold pieces
 80758 | Vaults:4 | Bought a scroll of revelation for 195 gold pieces
 81075 | Crypt:1  | Entered Level 1 of the Crypt
 81214 | Crypt:1  | Found an ancient bone altar of Kikubaaqudgha.
 81225 | Crypt:1  | Reached skill level 17 in Fighting
 81228 | Crypt:1  | Noticed a royal mummy
 81228 | Crypt:1  | Noticed a royal mummy
 81228 | Crypt:1  | Noticed a royal mummy
 81232 | Crypt:1  | Noticed Khufu
 81236 | Crypt:1  | XOM: 1-stop teleportation journey
 81429 | Crypt:1  | XOM: cast spell 'Summon Horrible Things'
 81457 | Crypt:1  | Reached skill level 16 in Shapeshifting
 81458 | Crypt:1  | XOM: polymorph deep elf death mage -> frost giant
 81802 | Crypt:1  | XOM: cleaving
 81832 | Crypt:2  | Reached skill level 18 in Unarmed Combat
 81898 | Crypt:2  | Reached XP level 21. HP: 114/114 MP: 34/34
 81904 | Crypt:2  | XOM: divine lightning
 82079 | Crypt:2  | XOM: cast spell 'Chain of Chaos'
 82082 | Crypt:2  | XOM: confuse monster(s)
 82126 | Crypt:2  | XOM: silly message
 82295 | Crypt:2  | XOM: smoke on damage
 82313 | Crypt:2  | XOM: confuse monster(s)
 82313 | Crypt:2  | Noticed Jory
 82313 | Crypt:2  | Identified the ring of Paranoia {Ice Int+3}
 82313 | Crypt:2  | Identified the talisman of death of the Snake Pit {Int+2}
 82313 | Crypt:2  | Noticed Josephina
 82327 | Crypt:2  | Killed Josephina
 82343 | Crypt:2  | HP: 3/149 [Jory/+3 great sword of flaming (14)]
 82344 | Crypt:2  | Slain by Jory
 82643 | Crypt:2  | XOM: noise
 82663 | Crypt:2  | Noticed Zenata
 82670 | Crypt:2  | XOM: noise
 82677 | Crypt:2  | XOM: noise
 82679 | Crypt:2  | XOM: silly message
 82684 | Crypt:2  | Killed Zenata
 83288 | Crypt:2  | XOM: noise
 83451 | Crypt:3  | Entered Level 3 of the Crypt
 83656 | Crypt:3  | XOM: confusion
 83686 | Crypt:3  | Found a staircase to the Tomb.
 83751 | Crypt:3  | Reached skill level 18 in Fighting
 83779 | Crypt:3  | Reached skill level 17 in Shapeshifting
 83835 | Crypt:3  | XOM: butterfly on damage
 83835 | Crypt:3  | XOM: smoke on damage
 84145 | Crypt:3  | XOM: swap monsters
 84340 | Crypt:3  | XOM: torment (117/150 hp)
 84353 | Crypt:3  | XOM: give mutations
 84353 | Crypt:3  | Gained mutation: You are vulnerable to cold. (rC-) [Xom's
                  | mischief]
 84353 | Crypt:3  | Lost mutation: You are vulnerable to cold. (rC-) [Xom's
                  | mischief]
 84510 | Crypt:3  | XOM: noise
 84700 | Crypt:3  | Reached skill level 19 in Unarmed Combat
 84959 | Crypt:3  | XOM: confusion
 85027 | Crypt:3  | Identified the amulet "Exti" {rF+ rC+ Regen+ Int+3}
 85027 | Crypt:3  | Identified the ring "Sazos" {Drain rN+ Str+7 Int+5}
 85027 | Crypt:3  | Identified the ring "Ecicau" {rPois rN+}
 85128 | Crypt:3  | Found the +6 Majin-Bo {spellvamp, MP+6 Int+6}
 85279 | Crypt:3  | Identified the amulet "Qavale" {*Corrode Regen+ Str+2
                  | Stlth+}
 85303 | Crypt:3  | Acquired the ring of Deetick {Drain +Blink Str+4 Dex+6}
 85620 | Vaults:2 | XOM: give mutations
 85620 | Vaults:2 | Lost mutation: You are robust. (+10% HP) [Xom's mischief]
 85620 | Vaults:2 | Gained mutation: You are frail. (-10% HP) [Xom's mischief]
 85620 | Vaults:2 | Gained mutation: Your flesh is cold resistant. (rC+) [Xom's
                  | mischief]
 85783 | Depths:1 | Entered Level 1 of the Depths
 85846 | Depths:1 | XOM: summons friendly quasit
 85942 | Depths:1 | Found Nesaf's Weapon Boutique.
 85987 | Depths:1 | Reached XP level 22. HP: 99/99 MP: 23/35
 86086 | Depths:1 | Found a gateway to Hell.
 86191 | Depths:1 | Found a hide-covered altar of Uskayaw.
 86256 | Depths:1 | Found a one-way gate to the infinite horrors of the Abyss.
 86566 | Depths:1 | XOM: scenery: 2 doors open, 1 doors close
 86644 | Depths:1 | Found a one-way gate leading to the halls of Pandemonium.
 86813 | Depths:1 | Noticed a juggernaut
 86821 | Depths:1 | Killed a juggernaut
 86828 | Depths:1 | XOM: god gift: 702 gold pieces
 87393 | Depths:2 | Found a one-way gateway to a ziggurat.
 87406 | Depths:2 | XOM: enchant monster (bad)
 87515 | Depths:2 | XOM: chaos upgrade
 87518 | Depths:2 | XOM: silly message
 87522 | Depths:2 | XOM: swap monsters
 87535 | Depths:2 | XOM: give mutation
 87535 | Depths:2 | Gained mutation: You passively map a small area around you.
                  | [Xom's mischief]
 87552 | Depths:2 | Reached skill level 18 in Shapeshifting
 87825 | Depths:2 | XOM: blink monster(s)
 87841 | Depths:2 | Reached skill level 19 in Fighting
 87856 | Depths:2 | XOM: noise
 88316 | Depths:2 | XOM: 1-stop teleportation journey
 88992 | Depths:3 | XOM: divine lightning
 88998 | Depths:2 | Reached skill level 13 in Transmutations
 89041 | Depths:3 | XOM: blink monster(s)
 89123 | Depths:3 | XOM: 1-stop teleportation journey
 89128 | Depths:3 | Noticed a golden dragon
 89131 | Depths:3 | Killed a golden dragon
 89147 | Depths:3 | XOM: confusion
 89345 | Depths:3 | Learned a level 2 spell: Wereblood
 89345 | Depths:3 | Noticed a golden dragon
 89352 | Depths:3 | Noticed a golden dragon
 89357 | Depths:3 | Noticed a caustic shrike
 89368 | Depths:3 | Killed a caustic shrike
 89372 | Depths:3 | Reached skill level 21 in Dodging
 89374 | Depths:3 | XOM: blink monster(s)
 89375 | Depths:3 | Reached skill level 20 in Unarmed Combat
 89375 | Depths:3 | XOM: chaos cloud
 89384 | Depths:3 | Killed a golden dragon
 89388 | Depths:3 | Noticed a golden dragon
 89388 | Depths:3 | XOM: 1-stop teleportation journey
 89392 | Depths:3 | XOM: summons friendly iron imp
 89403 | Depths:3 | Noticed a golden dragon
 89406 | Depths:3 | a golden dragon changed into an iron giant
 89415 | Depths:3 | Killed a golden dragon
 89417 | Depths:3 | XOM: enchant monster (bad)
 89424 | Depths:3 | XOM: silly message
 89425 | Depths:3 | XOM: enchant monster (good)
 89446 | Depths:3 | XOM: enchant monster (good)
 89450 | Depths:3 | Reached XP level 23. HP: 42/104 MP: 36/36
 89537 | Depths:3 | XOM: enchant monster (bad)
 90092 | Depths:4 | Entered Level 4 of the Depths
 90146 | Depths:4 | Noticed Vv
 90147 | Depths:4 | XOM: silly message
 90156 | Depths:4 | Killed Vv
 90157 | Depths:4 | Reached skill level 14 in Transmutations
 90271 | Depths:4 | Found a gate to the Realm of Zot.
 90324 | Depths:4 | XOM: divination: magic mapping
 90376 | Depths:4 | XOM: polymorph tengu warrior -> skyshark
 90379 | Depths:4 | Noticed Mennas
 90387 | Depths:4 | Reached skill level 19 in Shapeshifting
 90387 | Depths:4 | XOM: blink monster(s)
 90395 | Depths:4 | XOM: cast spell 'Summon Horrible Things'
 90407 | Depths:4 | Killed Mennas
 90416 | Depths:4 | Found a shadowy altar of Dithmenos.
 90519 | Depths:4 | XOM: summons friendly ufetubus
 90532 | Depths:4 | Reached skill level 20 in Fighting
 90535 | Depths:4 | XOM: destruction
 90571 | Depths:4 | Found Weokk's Book Shoppe.
 90571 | Depths:4 | Found Uphaseh's Weapon Emporium.
 90693 | Depths:4 | XOM: enchant monster (bad)
 90746 | Depths:4 | Noticed a caustic shrike
 90746 | Depths:4 | Noticed a caustic shrike
 90746 | Depths:4 | Noticed a caustic shrike
 90746 | Depths:4 | Noticed a caustic shrike
 90754 | Depths:4 | Mangled by a caustic shrike
 91024 | Depths:4 | Killed a caustic shrike
 91032 | Depths:4 | Killed a caustic shrike
 91035 | Depths:4 | Killed a caustic shrike
 91122 | Depths:4 | XOM: silly message
 91610 | Elf:2    | XOM: silly message
 91775 | Elf:2    | XOM: silly message
 91804 | Elf:2    | Reached skill level 15 in Transmutations
 91872 | Elf:2    | XOM: divination: detect items
 91960 | Elf:2    | XOM: silly message
 92212 | Elf:3    | Identified the amulet "Qiag Pon" {Reflect Will+ SH+5}
 92406 | Elf:3    | XOM: divination: magic mapping
 92856 | Elf:3    | Reached skill level 21 in Unarmed Combat
 93053 | Elf:3    | XOM: divination: detect items
 93304 | Elf:3    | Identified the staff of the Foot {*Corrode +Blink rPois rN+
                  | Necro}
 93316 | Elf:3    | Identified the staff of Wodghuuxo {rElec rC- rN+++ Will-
                  | Str+3 Air}
 93320 | Elf:3    | Identified the +0 plate armour "Xaeco" {rElec}
 93329 | Elf:3    | Identified the +8 quick blade "Dacvopsu" {freeze, Int+4}
 93352 | Elf:3    | XOM: noise
 93707 | Depths:1 | Voluntarily entered the Abyss.
 93859 | Abyss:1  | XOM: cast spell 'Alistair's Intoxication'
 93915 | Abyss:1  | Reached XP level 24. HP: 110/110 MP: 36/36
 93996 | Abyss:1  | XOM: give mutations
 93996 | Abyss:1  | Lost mutation: You have very sharp fingernails. [Xom's
                  | mischief]
 93996 | Abyss:1  | Gained mutation: Your spells are a little easier to cast,
                  | but a little less powerful. [Xom's mischief]
 93996 | Abyss:1  | Lost mutation: You are resistant to electric shocks.
                  | (rElec) [Xom's mischief]
 93996 | Abyss:1  | Lost mutation: Your flesh is cold resistant. (rC+) [Xom's
                  | mischief]
 93997 | Abyss:1  | XOM: cast spell 'Summon Mana Viper'
 94026 | Abyss:1  | Found a corrupted altar of Lugonu.
 94071 | Abyss:2  | Identified the of Teaheil
 94097 | Depths:1 | Escaped the Abyss
 94099 | Depths:1 | Voluntarily entered the Abyss.
 94099 | Abyss:3  | Found a corrupted altar of Lugonu.
 94099 | Abyss:3  | Found a corrupted altar of Lugonu.
 94104 | Abyss:3  | XOM: give mutations
 94104 | Abyss:3  | Lost mutation: Your spells are a little easier to cast, but
                  | a little less powerful. [Xom's mischief]
 94104 | Abyss:3  | Gained mutation: You are vulnerable to heat. (rF-) [Xom's
                  | mischief]
 94104 | Abyss:3  | Gained mutation: Your flesh is cold resistant. (rC+) [Xom's
                  | mischief]
 94104 | Abyss:3  | Gained mutation: You have hidden genetic defects. [Xom's
                  | mischief]
 94129 | Abyss:3  | XOM: swap monsters
 94135 | Abyss:3  | XOM: noise
 94141 | Abyss:3  | XOM: blink monster(s)
 94150 | Abyss:3  | XOM: noise
 94155 | Abyss:3  | Found a corrupted altar of Lugonu.
 94157 | Abyss:3  | Got an abyssal rune of Zot
 94159 | Abyss:3  | XOM: swap monsters
 94170 | Abyss:3  | XOM: enchant monster (bad)
 94245 | Abyss:3  | Lost mutation: Your flesh is cold resistant. (rC+) [potion
                  | of mutation]
 94245 | Abyss:3  | Lost mutation: You passively map a small area around you.
                  | [potion of mutation]
 94245 | Abyss:3  | Gained mutation: You are agile. (Dex +4, Str/Int -1)
                  | [potion of mutation]
 94245 | Abyss:3  | Lost mutation: Your mind is acute. (Int +4, Str/Dex -1)
                  | [potion of mutation]
 94248 | Abyss:3  | Lost mutation: You are frail. (-10% HP) [potion of
                  | mutation]
 94248 | Abyss:3  | Lost mutation: You have hidden genetic defects. [potion of
                  | mutation]
 94248 | Abyss:3  | Lost mutation: Your muscles are strong. (Str +4, Int/Dex
                  | -1) [potion of mutation]
 94248 | Abyss:3  | Gained mutation: Your body sometimes deteriorates upon
                  | taking damage. [potion of mutation]
 94248 | Abyss:3  | Gained mutation: Your flesh is cold resistant. (rC+)
                  | [potion of mutation]
 94249 | Abyss:3  | Lost mutation: Your body sometimes deteriorates upon taking
                  | damage. [potion of mutation]
 94249 | Abyss:3  | Lost mutation: You are agile. (Dex +4, Str/Int -1) [potion
                  | of mutation]
 94249 | Abyss:3  | Lost mutation: You are vulnerable to heat. (rF-) [potion of
                  | mutation]
 94249 | Abyss:3  | Gained mutation: You are partially covered in iridescent
                  | scales. (AC +2) [potion of mutation]
 94249 | Abyss:3  | Gained mutation: Your system is resistant to poisons.
                  | (rPois) [potion of mutation]
 94249 | Abyss:3  | Gained mutation: You are weak. (Str -2) [potion of
                  | mutation]
 94278 | Depths:1 | Escaped the Abyss
 94462 | D:11     | You showed the abyssal rune of Zot to enter a treasure
                  | trove
 94463 | Trove    | Entered a treasure trove
 94550 | D:12     | XOM: noise
 94559 | D:13     | XOM: cloud trail
 94702 | Zot:1    | Entered Level 1 of the Realm of Zot
 94702 | Zot:1    | Noticed an ancient lich
 94708 | Zot:1    | XOM: fake destruction
 94713 | Depths:4 | Killed an ancient lich
 94714 | Depths:4 | XOM: divination: detect creatures
 94715 | Depths:4 | XOM: smoke on damage
 94716 | Depths:4 | XOM: divination: magic mapping
 94740 | Zot:1    | Reached skill level 16 in Transmutations
 94748 | Zot:1    | XOM: noise
 94749 | Zot:1    | Reached skill level 20 in Shapeshifting
 94757 | Zot:1    | XOM: cleaving
 94765 | Zot:1    | Noticed a dread lich
 94773 | Zot:1    | Killed a dread lich
 94774 | Zot:1    | Reached skill level 21 in Fighting
 94777 | Zot:1    | XOM: confuse monster(s)
 95051 | D:14     | XOM: summons 13 hostile demons
 95199 | Vaults:5 | Entered Level 5 of the Vaults
 95251 | Vaults:5 | XOM: chaos cloud
 95265 | Vaults:5 | Reached skill level 17 in Transmutations
 95283 | Vaults:5 | XOM: draining
 95350 | Vaults:5 | XOM: give mutations
 95350 | Vaults:5 | Lost mutation: You are weak. (Str -2) [Xom's mischief]
 95350 | Vaults:5 | Lost mutation: Your system is resistant to poisons. (rPois)
                  | [Xom's mischief]
 95372 | Vaults:5 | XOM: polymorph shadow dragon -> iron dragon
 95379 | Vaults:5 | XOM: blink monster(s)
 95384 | Vaults:5 | XOM: polymorph iron dragon -> rockslime
 95401 | Vaults:5 | XOM: polymorph titan -> iron giant
 95411 | Vaults:5 | XOM: silly message
 95678 | Vaults:5 | Identified the ring "Ehiutaw" {Ice Drain Str+2 Int+4 SInv}
 95733 | Vaults:5 | Reached skill level 18 in Transmutations
 95784 | Vaults:5 | XOM: give mutations
 95784 | Vaults:5 | Gained mutation: You are somewhat resistant to further
                  | mutation. [Xom's mischief]
 95784 | Vaults:5 | Lost mutation: You are somewhat resistant to further
                  | mutation. [Xom's mischief]
 95973 | Vaults:5 | Got a silver rune of Zot
 96280 | Vaults:5 | Reached skill level 19 in Transmutations
 96533 | Vaults:5 | XOM: 4-stop teleportation journey
 96539 | Vaults:5 | XOM: confusion (+ monsters)
 96548 | Vaults:5 | XOM: chaos upgrade
 96564 | Vaults:5 | Identified the +6 quarterstaff of Lounwoc {freeze, Str+2
                  | SInv}
 96564 | Vaults:5 | Identified the +4 sling of Ariycuer {antimagic, rF- Int+3
                  | Dex+6 Stlth+}
 96611 | Vaults:5 | XOM: polymorph tengu reaver -> eleionoma
 96764 | Vaults:5 | Reached skill level 20 in Transmutations
 96778 | Vaults:5 | XOM: noise
 96782 | Vaults:5 | XOM: 1-stop teleportation journey
 96784 | Vaults:5 | Identified the +3 sling "Ker Uschi" {freeze, rF- Str+5
                  | Dex+6}
 96790 | Vaults:5 | XOM: confuse monster(s)
 96797 | Vaults:5 | XOM: destruction
 96812 | Vaults:5 | Reached XP level 25. HP: 128/128 MP: 28/36
 97004 | Vaults:5 | XOM: scenery: summon butterflies
 97139 | Vaults:5 | XOM: god gift: staff of earth
 97355 | Vaults:5 | XOM: divination: detect items
 97434 | Vaults:5 | Learned a level 5 spell: Yara's Violent Unravelling
 97451 | Vaults:5 | XOM: silly message
 97519 | Vaults:4 | Learned a level 5 spell: Irradiate
 97829 | Zot:2    | Reached skill level 21 in Transmutations
 97843 | Zot:2    | XOM: noise
 97844 | Zot:2    | XOM: god gift: 2 stones
 97873 | Zot:2    | XOM: swap monsters
 97892 | Zot:2    | XOM: god gift: staff of conjuration
 98270 | Zot:2    | Reached skill level 9 in Stealth
 98273 | Zot:2    | Reached skill level 10 in Evocations
 98274 | Zot:2    | XOM: divination: detect creatures
 98282 | Zot:2    | XOM: cast spell 'Disjunction'
 98310 | Zot:2    | XOM: smoke on damage
 98315 | Zot:2    | XOM: 1-stop teleportation journey
 98401 | Zot:2    | XOM: confusion
 98430 | Zot:2    | XOM: summons 2 hostile demons
 98441 | Zot:2    | XOM: summons 1 hostile demon
 98463 | Zot:2    | Reached skill level 10 in Stealth
 98477 | Zot:2    | Reached skill level 11 in Evocations
 98505 | Zot:2    | Reached skill level 9 in Spellcasting
 98512 | Zot:2    | XOM: 1-stop teleportation journey
 98517 | Zot:2    | XOM: fog
 98565 | Zot:2    | XOM: 1-stop teleportation journey
 98934 | Zot:2    | Found a transporter.
 98979 | Zot:2    | Found a transporter.
 98981 | Zot:2    | Noticed Ratusom's ghost (legendary NaHu)
 99069 | Zot:2    | XOM: polymorph purple draconian shifter -> frost giant
 99144 | Zot:2    | Noticed a Killer Klown
 99144 | Zot:2    | Noticed an ancient lich
 99410 | Zot:2    | XOM: give mutations
 99410 | Zot:2    | Gained mutation: You are mostly covered in iridescent
                  | scales. (AC +4) [Xom's grace]
 99410 | Zot:2    | Gained mutation: You are completely covered in iridescent
                  | scales. (AC +6) [Xom's grace]
 99556 | Zot:3    | XOM: summons 3 friendly demons
 99561 | Zot:3    | Reached skill level 12 in Evocations
 99571 | Zot:4    | Reached skill level 11 in Stealth
 99582 | Zot:4    | XOM: summons 2 friendly demons
 99700 | Zot:4    | XOM: god gift: +1 pair of gloves of strength
 99701 | Zot:4    | XOM: summons 12 friendly demons
 99705 | Zot:4    | XOM: 2-stop teleportation journey
 99708 | Zot:4    | XOM: summons friendly crimson imp
 99770 | Zot:4    | XOM: silly message
 99776 | Zot:4    | XOM: smoke on damage
 99798 | Zot:4    | Reached skill level 13 in Evocations
 99809 | Zot:4    | XOM: 4-stop teleportation journey
100020 | Zot:4    | XOM: divination: detect creatures
100036 | Zot:4    | Reached skill level 12 in Stealth
100052 | Zot:4    | Reached skill level 10 in Spellcasting
100092 | Zot:4    | XOM: enchant monster (good)
100113 | Zot:4    | XOM: 2-stop teleportation journey
100158 | Zot:4    | XOM: silly message
100388 | Zot:4    | Found a snail-covered altar of Cheibriados.
100394 | Zot:4    | Found a snail-covered altar of Cheibriados.
100591 | Zot:4    | XOM: scenery: create altars
100634 | Zot:4    | XOM: give mutations
100634 | Zot:4    | Gained mutation: Your system is resistant to poisons.
                  | (rPois) [Xom's grace]
100634 | Zot:4    | Gained mutation: You possess an exceptional clarity of
                  | mind. [Xom's grace]
100634 | Zot:4    | Gained mutation: You have a pair of small horns on your
                  | head. [Xom's grace]
100634 | Zot:4    | Gained mutation: You are agile. (Dex +4, Str/Int -1) [Xom's
                  | grace]
100637 | Zot:5    | Entered Level 5 of the Realm of Zot
100690 | Zot:5    | Reached skill level 21 in Shapeshifting
100691 | Zot:5    | Reached skill level 14 in Evocations
100691 | Zot:5    | Reached XP level 26. HP: 133/133 MP: 13/38
100754 | Zot:5    | Noticed an ancient lich
100754 | Zot:5    | XOM: 1-stop teleportation journey
100755 | Zot:5    | Noticed an ancient lich
100767 | Zot:5    | Killed an ancient lich
100768 | Zot:5    | Reached skill level 13 in Stealth
100798 | Zot:5    | Noticed an orb of fire
100798 | Zot:5    | Noticed an orb of fire
100798 | Zot:5    | Noticed an orb of fire
100801 | Zot:5    | Gained mutation: You do not regenerate when monsters are
                  | visible. [an orb of fire]
100939 | Zot:5    | Noticed an orb of fire
100940 | Zot:5    | Gained mutation: Your body sometimes deteriorates upon
                  | taking damage. [an orb of fire]
100950 | Zot:5    | Gained mutation: You have hidden genetic defects. [an orb
                  | of fire]
100957 | Zot:5    | Killed an orb of fire
100990 | Zot:4    | XOM: scenery: create altars
101057 | Zot:5    | XOM: cast spell 'Death Channel'
101173 | Zot:5    | XOM: summons friendly ufetubus
101220 | Zot:5    | XOM: confuse monster(s)
101240 | Zot:5    | Reached skill level 15 in Evocations
101535 | Zot:5    | Reached skill level 14 in Stealth
101535 | Zot:5    | Reached skill level 11 in Spellcasting
101543 | Zot:5    | Lost mutation: You are agile. (Dex +4, Str/Int -1) [an orb
                  | of fire]
101546 | Zot:5    | Killed an orb of fire
101562 | Zot:5    | XOM: god gift: wand of flame (9)
101747 | Zot:5    | XOM: silly message
101752 | Zot:5    | Noticed a dread lich
101757 | Zot:5    | Killed a dread lich
101824 | Zot:5    | XOM: silly message
102016 | Zot:5    | Reached skill level 12 in Spellcasting
102048 | Zot:5    | Gained mutation: Your spells are a little easier to cast,
                  | but a little less powerful. [hidden defects]
102435 | Zot:5    | Noticed a dread lich
102445 | Zot:5    | Killed a dread lich
103387 | Zot:5    | XOM: god gift: leather armour {god gift}
103528 | Zot:5    | XOM: scenery: summon butterflies
103572 | Zot:5    | Reached skill level 13 in Spellcasting
103630 | Zot:5    | Gained mutation: You are weak. (Str -2) [an orb of fire]
103637 | Zot:5    | Killed an orb of fire
103889 | Zot:5    | Lost mutation: You possess an exceptional clarity of mind.
                  | [potion of mutation]
103889 | Zot:5    | Lost mutation: You are weak. (Str -2) [potion of mutation]
103889 | Zot:5    | Lost mutation: Your flesh is cold resistant. (rC+) [potion
                  | of mutation]
103889 | Zot:5    | Lost mutation: You have hidden genetic defects. [potion of
                  | mutation]
104162 | Zot:5    | Reached skill level 16 in Evocations
104429 | Zot:5    | XOM: divination: detect items
104667 | Zot:5    | Noticed an orb of fire
104694 | Zot:5    | XOM: god gift: wand of charming (5)
104695 | Zot:5    | XOM: summons 9 friendly demons
104695 | Zot:5    | Noticed an orb of fire
104696 | Zot:5    | Killed an orb of fire
104696 | Zot:5    | Noticed an orb of fire
104697 | Zot:5    | Noticed an ancient lich
104697 | Zot:5    | Gained mutation: You are frail. (-10% HP) [an orb of fire]
104698 | Zot:5    | Noticed an orb of fire
104698 | Zot:5    | Lost mutation: Your spells are a little easier to cast, but
                  | a little less powerful. [an orb of fire]
104701 | Zot:5    | Gained mutation: You sometimes lose your temper in combat.
                  | [an orb of fire]
104702 | Zot:5    | Gained mutation: You are very frail. (-20% HP) [an orb of
                  | fire]
104710 | Zot:5    | Got the Orb of Zot
104781 | Zot:3    | Reached skill level 17 in Evocations
104781 | Zot:3    | Lost mutation: You are completely covered in iridescent
                  | scales. (AC +6) [potion of mutation]
104781 | Zot:3    | Lost mutation: Your body sometimes deteriorates upon taking
                  | damage. [potion of mutation]
104781 | Zot:3    | Gained mutation: You are clumsy. (Dex -2) [potion of
                  | mutation]
104781 | Zot:3    | Gained mutation: Potions are less effective at restoring
                  | your health. [potion of mutation]
104782 | Zot:3    | Lost mutation: Your system is resistant to poisons. (rPois)
                  | [potion of mutation]
104782 | Zot:3    | Lost mutation: You are mostly covered in iridescent scales.
                  | (AC +4) [potion of mutation]
104782 | Zot:3    | Gained mutation: Your flesh is cold resistant. (rC+)
                  | [potion of mutation]
104783 | Zot:3    | Lost mutation: You are very frail. (-20% HP) [potion of
                  | mutation]
104783 | Zot:3    | Lost mutation: You are partially covered in iridescent
                  | scales. (AC +2) [potion of mutation]
104783 | Zot:3    | Lost mutation: Potions are less effective at restoring your
                  | health. [potion of mutation]
104786 | Zot:3    | Lost mutation: You sometimes lose your temper in combat.
                  | [potion of mutation]
104786 | Zot:3    | Lost mutation: You are clumsy. (Dex -2) [potion of
                  | mutation]
104786 | Zot:3    | Gained mutation: You occasionally lose the ability to drink
                  | potions when taking damage. [potion of mutation]
104786 | Zot:3    | Lost mutation: You occasionally lose the ability to drink
                  | potions when taking damage. [potion of mutation]
104786 | Zot:3    | Gained mutation: Your mind is acute. (Int +4, Str/Dex -1)
                  | [potion of mutation]
104844 | Zot:1    | Noticed Voycser the pandemonium lord
104854 | Depths:4 | Noticed Joiskep the pandemonium lord
104871 | Depths:4 | XOM: enchant monster (good)
104946 | D:15     | Noticed Ofecatu the pandemonium lord
105056 | D:10     | XOM: give mutations
105056 | D:10     | Gained mutation: You are partially covered in iridescent
                  | scales. (AC +2) [Xom's mischief]
105056 | D:10     | Gained mutation: You are weak. (Str -2) [Xom's mischief]
105056 | D:10     | Gained mutation: You are very frail. (-20% HP) [Xom's
                  | mischief]
105056 | D:10     | Gained mutation: Your body sometimes deteriorates upon
                  | taking damage. [Xom's mischief]
105238 | D:1      | XOM: confusion
105247 | D:$      | Escaped with the Orb!

Illustrated notes

Levels and vault maps discovered:
D:1:      lemuel_arrival_broad_hall, layout_basic
D:2:      cheibrodos_greedy_goblins, layout_basic, st_stairs_1, chequers_avenue
D:3:      layout_loops_ring, nzn_wu_jian_council_hall, minmay_pentangle,
          uniq_jessica, uniq_robin
D:4:      layout_basic, minmay_temple_entry_gardened_gates, minmay_circle_x,
          uniq_edmund, uniq_menkaure
D:5:      minmay_clustersquares, layout_rooms, kennysheep_opposing_triangles
D:6:      layout_basic, lemuel_doored_altar, lemuel_tele_altar,
          minmay_misc_feat_hallway, lightli_orcish_oven
D:7:      layout_rooms, serial_shops, nicolae_shop_stone
D:8:      layout_rooms, serial_shops, shop, nicolae_shop_rolling_square,
          nicolae_shop_competitors_out_of_business
D:9:      nzn_winding_woodlands_three_and_one
          [nzn_winding_woodlands_5x15_pathside_ponds,
          nzn_winding_woodlands_5x15_sidewinder,
          nzn_winding_woodlands_5x15_pockets,
          nzn_winding_woodlands_center_pierced_h], layout_cave_pools,
          jmf_multi_god_temple, serial_ice, serial_ice_j, serial_ice_g,
          serial_ice_b, serial_ice_c
D:10:     layout_loops_ring, uniq_nergalle, uniq_sonja
D:11:     layout_cave_pods, lair_entry_dummy, nicolae_trove_entry_isolated,
          cheibriados_altar_1
D:12:     layout_basic, orc_0_dummy, uniq_fannar
D:13:     layout_irregular_city, erik_vaults_1
D:14:     layout_gridville
D:15:     grunt_enter_depths_magical_seal, layout_basic, tso_altar,
          nicolae_doodle_vault
Lair:1:   layout_long_grid
Lair:2:   layout_big_grid, palyth_hydra_swamp_entry,
          minmay_snake_entry_guardpost_small, amcnicky_mini_pool_medium,
          uniq_prince_ribbit2
Lair:3:   layout_concentric_octagons, nicolae_lair_lil_pond
Lair:4:   layout_cave_shapes, minivault_19, worms_lemuel, lemuel_fruit_fields,
          grunt_megastairs_5
Lair:5:   gammafunk_lair_ancient_temple, layout_big_grid,
          minmay_slime_entry_oklob_enclosed, chequers_serial_rivers_large_a,
          uniq_urug
Swamp:1:  nicolae_swamp_standing_stones, layout_falls_marsh,
          hangedman_swamp_ruin_wall, uniq_louise
Swamp:2:  layout_basic_swamp, hangedman_swamp_blocks, nicolae_swamp_baby_hydras,
          infiniplex_staircase_pool_2, uniq_jorgrun
Swamp:3:  layout_falls_marsh, nicolae_swamp_feature_on_the_river_bank,
          swamp_pool_5
Swamp:4:  swamp, layout_basic_swamp
Snake:1:  cheibrodos_snake_ritualist_ritual, layout_basic, serial_shops,
          nicolae_shop_window_shopping, beargit_elvish_explorers, uniq_aizul
Snake:2:  nicolae_snake_shooting_gallery, layout_onion, grunt_ministairs_5
Snake:3:  layout_onion, minmay_shop_grove
Snake:4:  grunt_snake_rune_pools, layout_chambers, serial_bayou_shore_b,
          serial_bayou_shore_b, nicolae_triple_integral, uniq_nikola, uniq_agnes
Orc:1:    layout_caves, portal_ice_cave_entry_pillars_2, uniq_harold,
          uniq_maurice
Orc:2:    st_orc_pillars, layout_caves, gammafunk_ghost_arena
Elf:1:    elf_arrival_001, layout_gridlike, minmay_elf_demonology,
          lemuel_upstairs_altar, roderic_lattice_octagonal_star
Elf:2:    nicolae_elf_blades_splatter_lattice
          [nicolae_vaults_blade_armed_guards], layout_geoelf_grid,
          nicolae_elf_stone_circles, feat_on_display
Elf:3:    elf_hall_gauntlet_wide, layout_loops_cross, basic_altar
Vaults:1: v_alt_pattern_3, nicolae_vaults_offset_grid_hallway_1,
          hangedman_vaults_snaps, nicolae_vaults_little_squares_2,
          ontoclasm_vaults_ring_square, nicolae_vaults_windows_and_doors_thing,
          nicolae_vaults_heart-shaped_vault, nicolae_vaults_enemy_cabinets,
          nicolae_vaults_trapezoid_1, vaults_dpeg_cross,
          nicolae_vaults_diamond_1, dpeg_vaults_monster_box,
          layout_vaults_chaotic_city
Vaults:2: blue_anna_dwarven_crypt, nicolae_vaults_closet_pinwheel_6, v_misc_32,
          vaults_room_door_hall, v_pattern_2, v_misc_18,
          nicolae_vaults_three_branches, layout_vaults_omnigrid, serial_shops,
          shop
Vaults:3: vaults_dpeg_spiral, vaults_standard_mumra_lines,
          ontoclasm_vaults_claustrophobia, nicolae_vaults_heart-shaped_vault,
          grunt_vaults_twisty, nicolae_vaults_variable_pillar_hall,
          hangedman_vaults_maws, v_misc_31, nicolae_vaults_house_2, v_misc_25,
          vaults_room_grid, layout_vaults_omnibox
Vaults:4: vaults_room_octagon, nicolae_vaults_taking_the_gang_shopping,
          nicolae_vaults_tetromino_L_2, hangedman_vaults_locks,
          hangedman_vaults_trim, vaults_room_fancy_cross,
          nicolae_vaults_diamond_2, hangedman_vaults_impose,
          grunt_vaults_funnel, st_spiral_rooms, layout_vaults_ring,
          serial_shops, shop, uniq_xtahua, uniq_mara, uniq_margery
Vaults:5
Crypt:1:  layout_catacombs, basic_altar, uniq_khufu
Crypt:2:  hangedman_screamer, layout_misc_corridors, uniq_josephina,
          uniq_zenata, uniq_jory
Crypt:3:  due_elkab, layout_chaotic_city, nicolae_tomb_entry_grand_gallery
Depths:1: cheibrodos_hall_of_evolution, layout_gridlike, serial_shops,
          nicolae_shop_peninsula, nicolae_uskayaw_suspiria,
          grunt_mini_vestibule, pan_entry, abyss_entry,
          nicolae_figureground_pulse
Depths:2: minmay_split_circle, layout_basic, enter_ziggurat_a,
          minmay_room_of_horrors, pan_entry, pf_hell_entry_tar_spiral,
          chequers_serial_rivers_large_b, kennysheep_generic_room_4
Depths:3: minmay_central_circle, layout_cave_shapes, hangedman_geh_valley,
          grunt_pan_entry_in_and_out, abyss_entry
Depths:4: evilmike_zot_entry_diamond, layout_basic,
          nicolae_dithmenos_shadow_blocks, hell_entry, minmay_shoptagon,
          uniq_mennas, uniq_vv
Zot:1:    hellmonk_crystal_mountain, layout_twisted_circle,
          regret_index_zotdec_iron_s
Zot:2:    layout_cathedral_of_symmetry, gammafunk_ghost_abyssal_escape
Zot:3:    layout_twisted_circle
Zot:4:    layout_concentric_octagons, regret_index_zotdec_serpentine_coiled,
          zot_minivault_6
Zot:5:    layout_gridville

Skill      XL: |  1  2  3  4  5  6  7  8  9 10 11 12 13 14 15 16 17 18 19 20 21 22 23 24 25 26 |
---------------+-------------------------------------------------------------------------------+-----
Stealth        | 2 3 5 6 8 12 14 | 14.0
Dodging        | 4 7 8 10 12 15 16 19 20 21 | 21.0
Shapeshifting  | 1 2 3 6 7 8 9 10 13 14 16 17 18 19 20 21 | 21.0
Unarmed Combat | 4 5 6 8 10 12 15 16 18 19 20 21 | 21.0
Fighting       | 4 5 6 8 9 10 11 13 15 16 17 18 19 20 21 | 21.0
Translocations | 4 5 11 12 | 12.0
Evocations     | 4 5 6 7 9 14 17 | 17.3
Spellcasting   | 1 4 6 8 10 13 | 13.0
Hexes          | 8 10 12 13 | 13.0
Transmutations | 1 8 9 11 12 13 15 20 21 | 21.1
Earth Magic    | 1 6 |  6.0
Ice Magic      | 4 |  4.0

Action                     |  1- 3 |  4- 6 |  7- 9 | 10-12 | 13-15 | 16-18 | 19-21 | 22-24 | 25-27 || total
---------------------------+-------+-------+-------+-------+-------+-------+-------+-------+-------++-------
  Melee: Unarmed           |   109 |   174 |   428 |   663 |  1163 |  1645 |  1507 |  1493 |  1000 ||  8182
         Punch             |     2 |     6 |     1 |    12 |   101 |    16 |   170 |   234 |   161 ||   703
         Bite              |     8 |    12 |    68 |   112 |   161 |    31 |   191 |   232 |   161 ||   976
         Headbutt          |       |       |    61 |   144 |    90 |       |       |       |   110 ||   405
         Constrict         |       |       |       |    13 |     2 |   247 |    32 |       |       ||   294
         Maw               |       |       |       |       |       |       |   171 |       |       ||   171
   Cast: Lesser Beckoning  |       |       |       |    13 |    28 |   124 |    22 |    29 |    16 ||   232
         Blink             |       |       |       |     5 |     8 |     1 |     3 |    11 |     3 ||    31
         Tukima's Dance    |       |       |       |     4 |    40 |     2 |       |       |       ||    46
         Cause Fear        |       |       |       |    13 |     6 |     3 |     3 |       |       ||    25
         Petrify           |       |       |       |    36 |   299 |    55 |     3 |       |       ||   393
         Ensorcelled Hiber |       |       |       |       |   131 |     7 |    57 |       |       ||   195
         Passwall          |       |       |       |       |     3 |     2 |       |     1 |     1 ||     7
         Manifold Assault  |       |       |       |       |       |   245 |   242 |   258 |   184 ||   929
         Apportation       |       |       |       |       |       |       |     1 |     1 |     1 ||     3
         Wereblood         |       |       |       |       |       |       |       |    11 |     8 ||    19
         Dispersal         |       |       |       |       |       |       |       |     2 |       ||     2
         Irradiate         |       |       |       |       |       |       |       |       |     2 ||     2
Ability: Begin Untransform |       |       |       |     1 |     1 |       |       |       |       ||     2
  Evoke: Wand              |       |     1 |     5 |    34 |    24 |    23 |     6 |     9 |    15 ||   117
         Phantom mirror    |       |       |       |       |     2 |     2 |     2 |     1 |       ||     7
         Condenser vane    |       |       |       |       |       |       |       |       |     1 ||     1
    Use: Scroll            |     1 |     2 |     6 |     5 |    12 |    10 |    11 |    10 |    14 ||    71
         Potion            |     1 |     2 |     5 |     9 |    12 |     7 |     7 |    15 |    21 ||    79
   Stab: Sleeping          |    10 |     7 |       |     2 |    73 |    21 |    57 |     7 |     5 ||   182
         Confused          |       |     2 |     1 |     6 |     3 |     4 |    12 |     4 |     4 ||    36
         Distracted        |       |     1 |       |     1 |     4 |     9 |    11 |    10 |       ||    36
         Petrified         |       |       |     1 |    15 |   138 |    26 |     2 |     2 |       ||   184
         Petrifying        |       |       |       |     2 |    42 |    11 |       |       |       ||    55
         Betrayed ally     |       |       |       |     1 |       |       |       |     1 |       ||     2
         Invisible         |       |       |       |       |     7 |     4 |       |     6 |    11 ||    28
         Paralysed         |       |       |       |       |       |     2 |       |     1 |       ||     3
 Armour: Skin              |    18 |    50 |   132 |   267 |   352 |   482 |   485 |   551 |   285 ||  2622
  Dodge: Dodged            |    54 |   144 |   332 |   573 |   919 |  1188 |  1730 |  2504 |  1305 ||  8749
  Block: Other             |       |       |       |   105 |   344 |   294 |    52 |       |       ||   795
         Reflection        |       |       |       |     1 |     9 |    22 |     5 |       |       ||    37
   Form: Flux              |       |       |     1 |     2 |       |       |       |       |       ||     3
         Anaconda          |       |       |       |     2 |     1 |     3 |       |       |       ||     6
         Maw               |       |       |       |       |       |     2 |     1 |       |       ||     3
         Statue            |       |       |       |       |       |       |     1 |       |       ||     1

Table legend: (Time is in decaauts)
 A = Elapsed time spent in this place.
 B = Non-inter-level travel time spent in this place.
 C = Inter-level travel time spent in this place.
 D = Time resting spent in this place.
 E = Time spent auto-exploring this place.
 F = Levels seen in this place.
 G = Mean time per level.
                   A        B        C        D        E       F      G
               +--------+--------+--------+--------+--------+-----+--------+
         Total | 110886 | 102950 |   7936 |  40154 |  39652 |  57 | 1945.4 |
       Dungeon |  23117 |  20425 |   2692 |   6854 |   8561 |  15 | 1541.1 |
          Lair |  11866 |  11104 |    762 |   5728 |   2896 |   5 | 2373.2 |
         Swamp |   8862 |   8642 |    220 |   4641 |   2473 |   4 | 2215.5 |
     Snake Pit |  12153 |  11346 |    807 |   5536 |   3712 |   4 | 3038.2 |
  Orcish Mines |   5439 |   5123 |    316 |   2741 |    934 |   2 | 2719.5 |
   Elven Halls |   9055 |   7998 |   1057 |   3031 |   3746 |   3 | 3018.3 |
        Vaults |  14188 |  13309 |    879 |   4153 |   6182 |   5 | 2837.6 |
         Crypt |   6629 |   6513 |    116 |   1832 |   2823 |   3 | 2209.7 |
        Depths |   8525 |   7752 |    773 |    503 |   5621 |   4 | 2131.2 |
           Zot |  10184 |   9874 |    310 |   5119 |   2701 |   5 | 2036.8 |
         Abyss |    773 |    773 |      0 |     12 |      0 |   5 |  154.6 |
         Trove |     70 |     70 |      0 |      0 |      0 |   1 |   70.0 |
      Ice Cave |     19 |     19 |      0 |      0 |      0 |   1 |   19.0 |
               +--------+--------+--------+--------+--------+-----+--------+

Top non-repeatable levels by time:
   Zot:5: 5719 daAuts
 Snake:4: 4894 daAuts
Vaults:1: 4474 daAuts
   Elf:2: 3274 daAuts
   Orc:2: 3251 daAuts
   Elf:3: 3208 daAuts
  Lair:3: 3200 daAuts
Vaults:5: 3170 daAuts
 Crypt:3: 2977 daAuts
  Lair:2: 2848 daAuts
Depths:2: 2807 daAuts
 Snake:3: 2689 daAuts
   Elf:1: 2572 daAuts
Vaults:2: 2565 daAuts
 Swamp:3: 2536 daAuts

Table legend:
 A = Kills in this place as a percentage of kills in the entire game.
 B = Kills by you in this place as a percentage of kills by you in the entire game.
 C = Kills by friends in this place as a percentage of kills by friends in the entire game.
 D = Other kills in this place as a percentage of other kills in the entire game.
 E = Experience gained in this place as a percentage of experience gained in the entire game.
 F = Experience gained in this place divided by the number of levels of this place that you have seen.
                   A       B       C       D       E      F
               +-------+-------+-------+-------+-------+----------------------
         Total | 100.0 | 100.0 | 100.0 | 100.0 | 100.0 | 25333.1
       Dungeon |  15.6 |  15.0 |  34.8 |  30.4 |   4.1 | 3966.5
          Lair |   7.0 |   7.0 |  10.9 |   4.3 |   3.6 | 10492.4
         Swamp |   6.3 |   6.4 |   4.3 |   0.0 |   5.6 | 20066.0
     Snake Pit |   8.3 |   8.3 |   4.3 |   8.7 |   6.7 | 24141.2
  Orcish Mines |   6.3 |   6.1 |  17.4 |   4.3 |   1.4 | 10242.5
   Elven Halls |   7.3 |   7.5 |   2.2 |   0.0 |   8.3 | 39936.0
        Vaults |  16.4 |  16.6 |   8.7 |  13.0 |  21.3 | 61439.8
         Crypt |   8.8 |   8.9 |   2.2 |   8.7 |   9.1 | 43901.7
        Depths |  11.4 |  11.6 |   4.3 |  13.0 |  17.0 | 61511.5
           Zot |   9.8 |   9.8 |  10.9 |   8.7 |  21.1 | 61000.4
         Abyss |   2.6 |   2.6 |   0.0 |   8.7 |   1.7 | 4816.2
      Ice Cave |   0.2 |   0.2 |   0.0 |   0.0 |   0.1 | 871.0
               +-------+-------+-------+-------+-------+----------------------
